Workbook
Name \I: #REF!
Name \P: #REF!
Name \t: #N/A
Name __?__123Graph_A: NA()
Name __?__123Graph_A_1: NA()
Name __?__123Graph_A_10: NA()
Name __?__123Graph_A_11: NA()
Name __?__123Graph_A_12: NA()
Name __?__123Graph_A_13: NA()
Name __?__123Graph_A_14: NA()
Name __?__123Graph_A_15: NA()
Name __?__123Graph_A_16: NA()
Name __?__123Graph_A_17: NA()
Name __?__123Graph_A_18: NA()
Name __?__123Graph_A_19: NA()
Name __?__123Graph_A_2: NA()
Name __?__123Graph_A_3: NA()
Name __?__123Graph_A_4: NA()
Name __?__123Graph_A_5: NA()
Name __?__123Graph_A_6: NA()
Name __?__123Graph_A_7: NA()
Name __?__123Graph_A_8: NA()
Name __?__123Graph_A_9: NA()
Name ______MAC18: #REF!
Name ______Tab110: #REF!
Name ______Tab112: #REF!
Name ______Tab13: #REF!
Name ______Tab15: #REF!
Name ______Tab19: #REF!
Name _____MAC18: #REF!
Name _____Tab11: #REF!
Name _____Tab110: #REF!
Name _____Tab111: #REF!
Name _____Tab112: #REF!
Name _____Tab13: #REF!
Name _____Tab15: #REF!
Name _____Tab19: #REF!
Name ____MAC18: #REF!
Name ____TAB1: #N/A
Name ____Tab11: #REF!
Name ____Tab110: #REF!
Name ____Tab111: #REF!
Name ____Tab112: #REF!
Name ____Tab13: #REF!
Name ____Tab15: #REF!
Name ____Tab19: #REF!
Name ____TAB2: #REF!
Name ___MAC18: #REF!
Name ___TAB1: #N/A
Name ___Tab11: #REF!
Name ___Tab110: #REF!
Name ___Tab111: #REF!
Name ___Tab112: #REF!
Name ___Tab13: #REF!
Name ___Tab15: #REF!
Name ___Tab19: #REF!
Name ___TAB2: #REF!
Name __123Graph_A_1: NA()
Name __123Graph_A_10: NA()
Name __123Graph_A_11: NA()

Sheet Índice
AF3: Análise de Conjuntura - Ano Base 2025
Q6: Gráfico 1 - Área colhida e de plantio de cana do setor sucroenergético (Brasil) | AF6: Gráfico 16 - Produção e exportação brasileira de açúcar | AU6: Gráfico 31 - Demanda do ciclo Otto e participação dos diferentes combustíveis | BJ6: Gráfico 46 - Participação das demais biomassas x cana-de-açúcar | BY6: Gráfico 61 - Intensidade de Carbono do biocombustível e de seu substituto fóssil e NEEA
Q10: Gráfico 2 - Participação da cana planta na área total colhida e produtividade (Brasil) | AF10: Gráfico 17 - Preços internacionais do açúcar VHP e refinado | AU10: Gráfico 32 - Demanda anual de etanol hidratado e gasolina C | BJ10: Gráfico 47 - Preços médios - biodiesel e diesel sem ICMS | BY10: Gráfico 62 - Volume produzido, volume elegível e não elegível por rota em 2025
Q14: Gráfico 3 - Idade média do canavial (Brasil e regiões) | AF14: Gráfico 18 - Mix e preços do açúcar e etanol hidratado (c/CBIO) | AU14: Gráfico 33 - Produção, demanda e importação líquida de gasolina A | BJ14: Gráfico 48 - Capacidade autorizada e consumo de Biodiesel em 2026 | BY14: Gráfico 63 - Metas compulsórias de redução de emissões de GEE e IC projetada
Q18: Gráfico 4 - Colheita e Plantio mecanizados x Rendimento da cana | AF18: Gráfico 19 - Mix de produção (açúcar x etanol) | AU18: Gráfico 34 - Preços de etanol hidratado | BJ18: Gráfico 49 - Participação da produção regional de biodiesel em 2026 | BY18: Gráfico 64 – Balanço acumulado de oferta e demanda de CBIO em 2025
Q22: Gráfico 5 - Histórico anual do processamento de cana e ATR | AF22: Gráfico 20 - Valor captado de financiamentos públicos para o setor de etanol e açúcar | AU22: Gráfico 35 - Relação de preços entre o hidratado e a gasolina C (PE/PG) | BJ22: Gráfico 50 - Oferta de diesel A e produção de biodiesel | BY22: Gráfico 65 - Estoque X Aposentadoria de CBIO 2025
Q26: Gráfico 6 - Área de plantio de milho por safra (Brasil) | AF26: Gráfico 21 - Licenciamento de veículos leves por categoria | AU26: Gráfico 36 - PE, PG e relação PE/PG mensal em 2025 | BJ26: Gráfico 51 - Participação de matérias-primas para a produção de biodiesel em 2026 | BY26: Gráfico 66 – Fluxos do CBIO no exercício de 2025 (milhões de unidades)
Q30: Gráfico 7 - Produtividade de milho por safra (Brasil) | AF30: Gráfico 22 – Licenciamento de automóveis por porte em 2025 | AU30: Gráfico 37 - Diferenciação Tributária - ICMS “ad rem” (*) (gasolina C x etanol hidratado) 2025 | BJ30: Gráfico 52 - Mercado do óleo de soja | BY30: Gráfico 67 - Quantidades negociadas e preços médios de CBIO
Q34: Gráfico 8 - Evolução da produção de milho e distribuição por safra | AF34: Gráfico 23 - Depreciação dos veículos: convencionais (c) vs eletrificados (e) | AU34: Gráfico 38 - Fluxo de usinas de etanol de cana e milho no Brasil | BJ34: Gráfico 53 - Exportação de glicerina e glicerol | BY34: Gráfico 68 – Preço mensal do CBIO e marcos regulatórios (jan/2022 – maijul/2026)
Q38: Gráfico 9 - Evolução da destinação do milho no Brasil | AF38: Gráfico 24 - Licenciamento de motocicletas | AU38: Gráfico 39 - Produção, capacidade excedente e nominal de etanol em 2025 | BJ38: Gráfico 54 - Importação de metanol para biodiesel | BY38: Gráfico 69 – Posicionamento do RenovaBio entre as principais políticas de precificação de carbono (2025)
Q42: Gráfico 10 - Processamento mensal de milho para a produção de etanol, por unidade da federação | AF42: Gráfico 25 - Faixas de idade de automóveis, comerciais leves e motocicletas em 2025 | AU42: Gráfico 40 - Evolução da capacidade instalada de produção de etanol no Brasil | BJ42: Gráfico 55 - Exportações e importações brasileiras de etanol – 2014 a 2025 | BY42: Gráfico 70 - Conexões de GD a biogás por ano.
Q46: Gráfico 11- Preço médio de milho total (Brasil) | AF46: Gráfico 26 - Licenciamento de eletrificados e participação no licenciamento total | AU46: Gráfico 41 - Capacidade brasileira de tancagem de etanol por região em 2025 | BJ46: Gráfico 56 - Emissões Evitadas dos biocombustíveis e da bioeletricidade em 2025 | BY46: Gráfico 71 - Plantas de biogás e biometano (esquerda) e volume de biogás por uso energético (direita).
Q50: Gráfico 12 - Produção brasileira de etanol de milho | AF50: Gráfico 27 - Participação de tecnologias no segmento de eletrificados | AU50: Gráfico 42 - Participação da biomassa na geração elétrica | BJ50: Gráfico 57 - Emissões Evitadas com Bioenergia nos últimos 5 anos | BY50: Gráfico 72- Distribuição da capacidade projetada de biometano por substrato.
Q54: Gráfico 13 - Produção brasileira de etanol total (da cana e do milho) | AF54: Gráfico 28 - Evolução de postos de recarga de veículos elétricos no Brasil | AU54: Gráfico 43 - Autoconsumo e energia exportada pelas usinas de biomassa de cana | BJ54: Gráfico 58 - Certificações de produção de biocombustíveis válidas | BY54: Gráfico 73 - Balanço de demanda e oferta de biometano na projeção decenal.
Q58: Gráfico 14 - Produção mensal de etanol de cana e de milho | AF58: Gráfico 29 - Indicadores qualitativos de recarga de veículos elétricos no Brasil e em países selecionados | AU58: Gráfico 44 - Histórico de energia contratada e cana processada | BJ58: Gráfico 59 - Certificações por rota de produção e percentual do volume elegível por rota
Q62: Gráfico 15 - Evolução mensal do estoque físico de etanol | AF62: Gráfico 30 - Demanda do ciclo Otto – Faixa de variação dos últimos 5 anos versus 2025 | AU62: Gráfico 45 - Geração térmica a biomassa de cana versus PLD | BJ62: Gráfico 60 - Nota de Eficiência Energético-Ambiental das unidades certificadas

Sheet A-1
A1: Voltar p/ Índice
E3: =Índice!AF3 -> Análise de Conjuntura - Ano Base 2025
C6: =Índice!Q6 -> Gráfico 1 - Área colhida e de plantio de cana do setor sucroenergético (Brasil)
A8: Safra | C8: Área de Plantio | D8: Área colhida
C9: (Milhões de hectares)
A10: 16/17 | C10: 1.0182239 | D10: 9.0492
A11: 17/18 | C11: 1.203308 | D11: 8.7295
A12: 18/19 | C12: 1.2705 | D12: 8.5892
A13: 19/20 | C13: 1.3318 | D13: 8.44202
A14: 20/21 | C14: 1.1774 | D14: 8.6161
A15: 21/22 | C15: 1.2042504 | D15: 8.345028
A16: 22/23 | C16: 1.3046527 | D16: 8.292726
A17: 23/24 | C17: 1.3016153 | D17: 8.3339285
A18: 24/25 | C18: 1.2363641 | D18: 8.7663255
A19: 25/26 | C19: 1.198854 | D19: 8.9546132
C22: Fonte: EPE a partir de (CONAB, 2026a, 2026c)

Sheet A-2
A1: Voltar p/ Índice
E3: =Índice!AF3 -> Análise de Conjuntura - Ano Base 2025
C6: =Índice!Q10 -> Gráfico 2 - Participação da cana planta na área total colhida e produtividade (Brasil)
A8: Safra | C8: % de cana planta | D8: Perfil desejado | E8: Expansão | F8: Renovação | G8: Produtividade
C9: (%) | G9: (TCH)
A10: 16/17 | C10: 0.1041687 | D10: 0.18 | E10: 0.021053374 | F10: 0.083115325 | G10: 72.623
A11: 17/18 | C11: 0.10982186 | D11: 0.18 | E11: 0.018192917 | F11: 0.091628943 | G11: 72.543
A12: 18/19 | C12: 0.13652974 | D12: 0.18 | E12: 0.023789247 | F12: 0.11274049 | G12: 72.234
A13: 19/20 | C13: 0.15175232 | D13: 0.18 | E13: 0.026399862 | F13: 0.12535246 | G13: 76.133
A14: 20/21 | C14: 0.16279212 | D14: 0.18 | E14: 0.023833785 | F14: 0.13895834 | G14: 75.965
A15: 21/22 | C15: 0.15329719 | D15: 0.18 | E15: 0.020327617 | F15: 0.13296958 | G15: 69.354845
A16: 22/23 | C16: 0.14807761 | D16: 0.18 | E16: 0.016538383 | F16: 0.13153923 | G16: 73.655487
A17: 23/24 | C17: 0.18277058 | D17: 0.18 | E17: 0.035842752 | F17: 0.14692783 | G17: 85.579583
A18: 24/25 | C18: 0.15888602 | D18: 0.18 | E18: 0.023682091 | F18: 0.13520393 | G18: 77.222672
A19: 25/26 | C19: 0.15902376 | D19: 0.18 | E19: 0.045768583 | F19: 0.11325517 | G19: 75.18447
C21: Fonte: EPE a partir de (CONAB, 2026a, 2026b)

Sheet A-3
A1: Voltar p/ Índice
E3: =Índice!AF3 -> Análise de Conjuntura - Ano Base 2025
C6: =Índice!Q14 -> Gráfico 3 - Idade média do canavial (Brasil e regiões)
A8: Safra | C8: Brasil | D8: Centro-Sul | E8: Norte-Nordeste
C9: (Nº de cortes)
A10: 16/17 | C10: 3.9146339 | D10: 3.837193 | E10: 4.5999195
A11: 17/18 | C11: 3.8750313 | D11: 3.7979133 | E11: 4.5528514
A12: 18/19 | C12: 3.9248422 | D12: 3.8549217 | E12: 4.5430929
A13: 19/20 | C13: 3.783699 | D13: 3.6994612 | E13: 4.4985724
A14: 20/21 | C14: 3.7144551 | D14: 3.6390878 | E14: 4.3643383
A15: 21/22 | C15: 3.6421879 | D15: 3.5827522 | E15: 4.2132906
A16: 22/23 | C16: 3.6126942 | D16: 3.526767 | E16: 4.301818
A17: 23/24 | C17: 3.5180931 | D17: 3.4224349 | E17: 4.2781649
A18: 24/25 | C18: 3.5611798 | D18: 3.4702169 | E18: 4.3121781
A19: 25/26 | C19: 3.5588493 | D19: 3.4702169 | E19: 4.3121781
C21: Fonte: EPE a partir de (CONAB, 2024, 2026b)

Sheet A-4
A1: Voltar p/ Índice
E3: =Índice!AF3 -> Análise de Conjuntura - Ano Base 2025
C6: =Índice!Q18 -> Gráfico 4 - Colheita e Plantio mecanizados x Rendimento da cana
A8: Safra | C8: Colheita mecanizada (Brasil) | D8: Colheita mecanizada (C-Sul) | E8: Plantio mecanizado (C-Sul) | F8: Rendimento de ATR (Brasil)
C9: (%) | F9: Kg ATR / tc
A10: 08/09 | C10: 0.371 | D10: 0.428 | F10: 138.34973
A11: 09/10 | C11: 0.47583485 | D11: 0.54867173 | E11: 0.326 | F11: 130.34795
A12: 10/11 | C12: 0.55074104 | D12: 0.6224863 | E12: 0.351 | F12: 139.95975
A13: 11/12 | C13: 0.63702106 | D13: 0.71634841 | E13: 0.478 | F13: 143.51031
A14: 12/13 | C14: 0.69166519 | D14: 0.7722216 | E14: 0.595 | F14: 137.44713
A15: 13/14 | C15: 0.7404 | D15: 0.8199 | E15: 0.707 | F15: 133.43366
A16: 14/15 | C16: 0.7677733 | D16: 0.84313991 | E16: 0.749 | F16: 136.52012
A17: 15/16 | C17: 0.85112436 | D17: 0.92969265 | E17: 0.794 | F17: 131.44499
A18: 16/17 | C18: 0.897542 | D18: 0.94586947 | E18: 0.79 | F18: 134.59602
A19: 17/18 | C19: 0.912 | D19: 0.962 | E19: 0.785 | F19: 136.8
A20: 18/19 | C20: 0.916 | D20: 0.97 | E20: 0.735 | F20: 138.4
A21: 19/20 | C21: 0.91787169 | D21: 0.97653869 | E21: 0.695 | F21: 139.28994
A22: 20/21 | C22: 0.89424383 | D22: 0.97103221 | E22: 0.629 | F22: 144.06486
... A27: 25/26 | C27: 0.924 | D27: 0.986 | E27: 0.77019 | F27: 137.88
C29: Fonte: EPE a partir de (CONAB, 2026c), (CTC, 2026), (DATAGRO, 2026b) e (UNICA, 2013, 2014, 2017).

Sheet A-5
A1: Voltar p/ Índice
E3: =Índice!AF3 -> Análise de Conjuntura - Ano Base 2025
C6: =Índice!Q22 -> Gráfico 5 - Histórico anual do processamento de cana e ATR
A8: Ano | C8: Cana processada | D8: ATR
C10: (Milhões de ton) | D10: (Milhões de ton)
A11: 2016 | C11: 671.46767 | D11: 90.376875
A12: 2017 | C12: 635.71372 | D12: 86.965636
A13: 2018 | C13: 608.52213 | D13: 84.219463
A14: 2019 | C14: 654.08202 | D14: 91.107043
A15: 2020 | C15: 662.68558 | D15: 95.469708
A16: 2021 | C16: 581.4456 | D16: 82.332697
A17: 2022 | C17: 595.3061 | D17: 82.586816
A18: 2023 | C18: 712.50607 | D18: 98.076461
A19: 2024 | C19: 686.2655 | D19: 96.228149
A20: 2025 | C20: 659.97501 | D20: 90.997355
C22: Fonte: EPE a partir de (MAPA, 2025)

Sheet A-6
A1: Voltar p/ Índice
E3: =Índice!AF3 -> Análise de Conjuntura - Ano Base 2025
C6: =Índice!Q26 -> Gráfico 6 - Área de plantio de milho por safra (Brasil)
A8: Safra | C8: 1ª Safra | D8: 2ª Safra | E8: 3ª Safra
C9: (Milhões de hectares)
A10: 08/09 | C10: 9.2705 | D10: 4.9013
A11: 09/10 | C11: 7.724 | D11: 5.2699
A12: 10/11 | C12: 7.6377 | D12: 6.1684
A13: 11/12 | C13: 7.5585 | D13: 7.6196
A14: 12/13 | C14: 6.7831 | D14: 9.0462
A15: 13/14 | C15: 6.6177 | D15: 9.2112
A16: 14/15 | C16: 6.1423 | D16: 9.5506
A17: 15/16 | C17: 5.4403 | D17: 10.3144
A18: 16/17 | C18: 5.4825 | D18: 12.1092
A19: 17/18 | C19: 5.0821 | D19: 11.5343
A20: 18/19 | C20: 4.1039 | D20: 12.878 | E20: 0.511
A21: 19/20 | C21: 4.2358 | D21: 13.7559 | E21: 0.5356
A22: 20/21 | C22: 4.3484 | D22: 14.9996 | E22: 0.5956
A23: 21/22 | C23: 4.5425 | D23: 16.3786 | E23: 0.6608
A24: 22/23 | C24: 4.444 | D24: 17.1927 | E24: 0.6325
A25: 23/24 | C25: 3.9701 | D25: 16.4378 | E25: 0.6501
A26: 24/25 | C26: 3.7726 | D26: 17.4303 | E26: 0.6351
C28: Fonte: EPE a partir de (CONAB, 2026e)

Sheet A-7
A1: Voltar p/ Índice
E3: =Índice!AF3 -> Análise de Conjuntura - Ano Base 2025
C6: =Índice!Q30 -> Gráfico 7 - Produtividade de milho por safra (Brasil)
A8: Safra | C8: 1ª Safra | D8: 2ª Safra | E8: 3ª Safra | F8: Produtividade Total
C9: (Milhões de hectares)
A10: 18/19 | C10: 6.2493266 | D10: 5.6823745 | E10: 2.384871 | F10: 5.7190574
A11: 19/20 | C11: 6.064912 | D11: 5.4556158 | E11: 3.3046103 | F11: 5.5370448
A12: 20/21 | C12: 5.6863275 | D12: 4.0495481 | E12: 2.7342957 | F12: 4.3671441
A13: 21/22 | C13: 5.4991084 | D13: 5.2581234 | E13: 3.2867736 | F13: 5.9219352
A14: 22/23 | C14: 6.1595837 | D14: 5.9539865 | E14: 3.4062055 | F14: 5.9226518
A15: 23/24 | C15: 5.7837294 | D15: 5.4787009 | E15: 3.8684195 | F15: 5.486496
A16: 24/25 | C16: 6.609655 | D16: 6.4960671 | E16: 4.7136128 | F16: 6.4638519
C18: Fonte: EPE a partir de (CONAB, 2026a, 2026d)

Sheet A-8
A1: Voltar p/ Índice
E3: =Índice!AF3 -> Análise de Conjuntura - Ano Base 2025
C6: =Índice!Q34 -> Gráfico 8 - Evolução da produção de milho e distribuição por safra
A8: Ano | C8: 1ª Safra | D8: 2ª Safra | E8: 3ª Safra | F8: Produção Total (eixo esquerdo)
C9: (Milhões de toneladas) | F9: (%)
A10: 03/04 | C10: 31.5542 | D10: 10.5743 | E10: 0 | F10: 42.1285
A11: 04/05 | C11: 27.2984 | D11: 7.7083 | E11: 0 | F11: 35.0067
A12: 05/06 | C12: 31.809 | D12: 10.7059 | E12: 0 | F12: 42.5149
A13: 06/07 | C13: 36.5967 | D13: 14.773 | E13: 0 | F13: 51.3697
A14: 07/08 | C14: 39.9641 | D14: 18.6881 | E14: 0 | F14: 58.6522
A15: 08/09 | C15: 33.6549 | D15: 17.349 | E15: 0 | F15: 51.0039
A16: 09/10 | C16: 34.0792 | D16: 21.9388 | E16: 0 | F16: 56.018
A17: 10/11 | C17: 34.9467 | D17: 22.4603 | E17: 0 | F17: 57.407
A18: 11/12 | C18: 33.8671 | D18: 39.1127 | E18: 0 | F18: 72.9798
A19: 12/13 | C19: 34.576708 | D19: 46.9289 | E19: 0 | F19: 81.505608
A20: 13/14 | C20: 31.65261 | D20: 48.3991 | E20: 0 | F20: 80.05171
A21: 14/15 | C21: 30.082012 | D21: 54.5905 | E21: 0 | F21: 84.672512
... A31: 24/25 | C31: 24.9358 | D31: 113.2284 | E31: 2.9936 | F31: 141.1578
C33: Fonte: EPE a partir de (CONAB, 2026a).

Sheet A-9
A1: Voltar p/ Índice
E3: =Índice!AF3 -> Análise de Conjuntura - Ano Base 2025
C6: =Índice!Q38 -> Gráfico 9 - Evolução da destinação do milho no Brasil
A8: Ano | C8: Exportação líquida | D8: Consumo interno (outros) | E8: Consumo interno (etanol)
C9: (Milhões de toneladas)
A10: 17/18 | C10: 22.841539 | D10: 57.116818 | E10: 1.9315818
A11: 18/19 | C11: 39.4776 | D11: 58.555923 | E11: 3.3814775
A12: 19/20 | C12: 33.439507 | D12: 61.257346 | E12: 5.7640536
A13: 20/21 | C13: 17.72502 | D13: 63.563602 | E13: 7.6049984
A14: 21/22 | C14: 44.0152 | D14: 64.869271 | E14: 9.6653286
A15: 22/23 | C15: 53.3212 | D15: 66.337746 | E15: 13.261154
A16: 23/24 | C16: 36.8562 | D16: 66.72585 | E16: 17.26965
A17: 24/25 | C17: 39.7857 | D17: 69.111803 | E17: 21.452997
C19: Fonte: EPE a partir de (CONAB, 2026a).

Sheet A-10
A1: Voltar p/ Índice
E3: =Índice!AF3 -> Análise de Conjuntura - Ano Base 2025
C6: =Índice!Q42 -> Gráfico 10 - Processamento mensal de milho para a produção de etanol, por unidade da federação
A8: Ano | C8: Mato Grosso | D8: Mato Grosso do Sul | E8: Goiás | F8: Paraná | G8: São Paulo | H8: Pará | I8: Maranhão
C9: (Milhões de toneladas)
A10: 42736 | C10: 0.033122457 | D10: 0 | E10: 0.01231508 | F10: 0 | G10: 0 | H10: 0 | I10: 0
A11: 42767 | C11: 0.02709879 | D11: 0 | E11: 0.031894077 | F11: 0 | G11: 0 | H11: 0 | I11: 0
A12: 42795 | C12: 0.025266586 | D12: 0 | E12: 0.033147097 | F12: 0 | G12: 0 | H12: 0 | I12: 0
A13: 42826 | C13: 0.01890533 | D13: 0 | E13: 0.017815075 | F13: 0 | G13: 0 | H13: 0 | I13: 0
A14: 42856 | C14: 0.016617136 | D14: 0 | E14: 0.022378363 | F14: 0 | G14: 0 | H14: 0 | I14: 0
A15: 42887 | C15: 0.01684719 | D15: 0 | E15: 0.025487749 | F15: 0 | G15: 0 | H15: 0 | I15: 0
A16: 42917 | C16: 0.046885198 | D16: 0 | E16: 0.039891804 | F16: 0 | G16: 0 | H16: 0 | I16: 0
A17: 42948 | C17: 0.041033886 | D17: 0 | E17: 0.028195501 | F17: 0 | G17: 0 | H17: 0 | I17: 0
A18: 42979 | C18: 0.080970319 | D18: 0 | E18: 0.023263936 | F18: 0 | G18: 0.003264964 | H18: 0 | I18: 0
A19: 43009 | C19: 0.082941695 | D19: 0 | E19: 0.029497196 | F19: 0 | G19: 0.003038663 | H19: 0 | I19: 0
A20: 43040 | C20: 0.087093764 | D20: 0 | E20: 0.03027536 | F20: 0 | G20: 0.003362447 | H20: 0 | I20: 0
A21: 43070 | C21: 0.12700848 | D21: 0 | E21: 0.040112222 | F21: 0 | G21: 0.003053095 | H21: 0 | I21: 0
... A117: 45992 | C117: 1.2614667 | D117: 0.41194106 | E117: 0.22220142 | F117: 0.005492212 | G117: 0.000921026 | H117: 0.00267 | I117: 0.17177084
C119: Fonte: EPE a partir de (ANP, 2026e).

Sheet A-11
A1: Voltar p/ Índice
E3: =Índice!AF3 -> Análise de Conjuntura - Ano Base 2025
C6: =Índice!_Ref65601466 -> Gráfico 11- Preço médio de milho total (Brasil)
A8: Ano | C8: Preço médio
C9: (R$/saca de 60 kg à vista)
A10: 2005 | C10: 18.379167
A11: 2006 | C11: 17.943333
A12: 2007 | C12: 23.824167
A13: 2008 | C13: 25.543333
A14: 2009 | C14: 21.0375
A15: 2010 | C15: 21.525
A16: 2011 | C16: 30.335
A17: 2012 | C17: 29.844167
A18: 2013 | C18: 27.079167
A19: 2014 | C19: 27.011667
A20: 2015 | C20: 29.081667
A21: 2016 | C21: 44.406667
... A30: 2025 | C30: 71.995833
C32: Fonte: EPE a partir de (CEPEA/ESALQ, 2026).

Sheet A-12
A1: Voltar p/ Índice
E3: =Índice!AF3 -> Análise de Conjuntura - Ano Base 2025
C6: =Índice!Q42 -> Gráfico 10 - Processamento mensal de milho para a produção de etanol, por unidade da federação
A8: Ano | C8: Anidro | D8: Hidratado | E8: Total
C9: (Bilhões de litros)
A10: 2013 | C10: 0.003332 | D10: 0.007184 | E10: 0.010516
A11: 2014 | C11: 0.006312 | D11: 0.064627 | E11: 0.070939
A12: 2015 | C12: 0.013147 | D12: 0.108095 | E12: 0.121242
A13: 2016 | C13: 0.034553 | D13: 0.166205 | E13: 0.200758
A14: 2017 | C14: 0.07783 | D14: 0.33494 | E14: 0.41277
A15: 2018 | C15: 0.182293 | D15: 0.537943 | E15: 0.720236
A16: 2019 | C16: 0.39849 | D16: 0.931673 | E16: 1.330163
A17: 2020 | C17: 0.636159 | D17: 1.793994 | E17: 2.430153
A18: 2021 | C18: 0.903394 | D18: 2.392992 | E18: 3.296386
A19: 2022 | C19: 1.521221 | D19: 2.62018 | E19: 4.141401
A20: 2023 | C20: 2.302324 | D20: 3.485386 | E20: 5.78771
A21: 2024 | C21: 2.563352 | D21: 5.125859 | E21: 7.689211
A22: 2025 | C22: 3.713422 | D22: 5.822304 | E22: 9.535726
C24: Fonte: EPE a partir de (UNICA, 2025)

Sheet A-13
A1: Voltar p/ Índice
E2: =Índice!AF3 -> Análise de Conjuntura - Ano Base 2025
C5: =Índice!Q54 -> Gráfico 13 - Produção brasileira de etanol total (da cana e do milho)
A7: Ano | C7: Anidro de milho | D7: Anidro de cana | E7: Hidratado de milho | F7: Hidratado de cana | G7: Total
C8: (Bilhões de litros)
A9: 2013 | C9: 0.003332 | D9: 11.702677 | E9: 0.007184 | F9: 15.995323 | G9: 27.708516
A10: 2014 | C10: 0.006312 | D10: 11.703633 | E10: 0.064627 | F10: 16.774964 | G10: 28.549536
A11: 2015 | C11: 0.013147 | D11: 11.243094 | E11: 0.108095 | F11: 18.933468 | G11: 30.297804
A12: 2016 | C12: 0.034553 | D12: 11.148497 | E12: 0.166205 | F12: 16.975192 | G12: 28.324447
A13: 2017 | C13: 0.07783 | D13: 11.014103 | E13: 0.33494 | F13: 16.261701 | G13: 27.688574
A14: 2018 | C14: 0.182293 | D14: 9.050224 | E14: 0.537943 | F14: 22.556885 | G14: 32.327345
A15: 2019 | C15: 0.39849 | D15: 10.326433 | E15: 0.931673 | F15: 24.377492 | G15: 36.034088
A16: 2020 | C16: 0.636159 | D16: 9.361449 | E16: 1.793994 | F16: 20.824888 | G16: 32.61649
A17: 2021 | C17: 0.903394 | D17: 10.210014 | E17: 2.392992 | F17: 16.37008 | G17: 29.87648
A18: 2022 | C18: 1.521221 | D18: 10.741172 | E18: 2.62018 | F18: 15.753995 | G18: 30.636568
A19: 2023 | C19: 2.302324 | D19: 11.56721 | E19: 3.485386 | F19: 17.97176 | G19: =SUM(C19:F19) -> 35.32668
A20: 2024 | C20: 2.563352 | D20: 10.412781 | E20: 5.125859 | F20: 19.242034 | G20: =SUM(C20:F20) -> 37.344026
A21: 2025 | C21: 3.713422 | D21: 9.58141 | E21: 5.822304 | F21: 17.125852 | G21: =SUM(C21:F21) -> 36.242988
C23: Fonte: EPE a partir de (MAPA, 2026b) e (UNICA, 2025).

Sheet A-14
A1: Voltar p/ Índice
E3: =Índice!AF3 -> Análise de Conjuntura - Ano Base 2025
C6: =Índice!Q58 -> Gráfico 14 - Produção mensal de etanol de cana e de milho
A8: Mês | C8: Etanol Total | D8: Etanol Milho | E8: Etanol Cana | F8: % Etanol de milho/ Produção total
C9: (Bilhões de litros) | F9: (%)
A10: 43466 | C10: 1.225948 | D10: 0.096626 | E10: 1.129322 | F10: 0.078817372
A11: 43497 | C11: 0.227001 | D11: 0.077805 | E11: 0.149196 | F11: 0.34275179
A12: 43525 | C12: 0.523845 | D12: 0.09914 | E12: 0.424705 | F12: 0.18925446
A13: 43556 | C13: 2.32396 | D13: 0.100639 | E13: 2.223321 | F13: 0.043304962
A14: 43586 | C14: 4.372946 | D14: 0.102538 | E14: 4.270408 | F14: 0.023448266
A15: 43617 | C15: 4.178877 | D15: 0.091381 | E15: 4.087496 | F15: 0.021867358
A16: 43647 | C16: 5.02648 | D16: 0.092034 | E16: 4.934446 | F16: 0.018309831
A17: 43678 | C17: 5.26771 | D17: 0.069598 | E17: 5.198112 | F17: 0.013212193
A18: 43709 | C18: 4.837763 | D18: 0.147889 | E18: 4.689874 | F18: 0.030569708
A19: 43739 | C19: 4.805704 | D19: 0.133396 | E19: 4.672308 | F19: 0.027757848
A20: 43770 | C20: 2.526411 | D20: 0.148665 | E20: 2.377746 | F20: 0.058844345
A21: 43800 | C21: 0.717443 | D21: 0.170452 | E21: 0.546991 | F21: 0.23758264
... A93: 45992 | C93: 1.738695 | D93: 0.929633 | E93: 0.809062 | F93: 0.53467284
C95: Fonte: EPE a partir de (MAPA, 2026b)

Sheet A-15
A1: Voltar p/ Índice
F3: =Índice!AF3 -> Análise de Conjuntura - Ano Base 2025
C6: =Índice!Q62 -> Gráfico 15 - Evolução mensal do estoque físico de etanol
A8: Mês | C8: Anidro 2023 | D8: Hidratado 2023 | E8: Total 2023 | F8: Anidro 2024 | G8: Hidratado 2024 | H8: Total 2024 | I8: Anidro 2025 | J8: Hidratado 2025 | K8: Total 2025 | L8: Média Etanol
C9: (Bilhões de litros)
A10: jan | C10: 2.525162 | D10: 3.412514 | E10: 5.937676 | F10: 3.260738 | G10: 4.497756 | H10: 7.758494 | I10: 2.975779 | J10: 3.902103 | K10: 6.877882 | L10: 6.8580173
A11: fev | C11: 1.745728 | D11: 2.450803 | E11: 4.196531 | F11: 2.384176 | G11: 3.138903 | H11: 5.523079 | I11: 2.16038 | J11: 2.692883 | K11: 4.853263 | L11: 4.8576243
A12: mar | C12: 0.99069 | D12: 1.426925 | E12: 2.417615 | F12: 1.305913 | G12: 1.724446 | H12: 3.030359 | I12: 1.151966 | J12: 1.668658 | K12: 2.820624 | L12: 2.7561993
A13: abr | C13: 0.715861 | D13: 1.356087 | E13: 2.071948 | F13: 0.90728 | G13: 1.608086 | H13: 2.515366 | I13: 0.593341 | J13: 1.011862 | K13: 1.605203 | L13: 2.0641723
A14: mai | C14: 1.290895 | D14: 2.281354 | E14: 3.572249 | F14: 1.475152 | G14: 2.184041 | H14: 3.659193 | I14: 0.918969 | J14: 1.500479 | K14: 2.419448 | L14: 3.2169633
A15: jun | C15: 1.880686 | D15: 2.918892 | E15: 4.799578 | F15: 2.267223 | G15: 3.123241 | H15: 5.390464 | I15: 1.329093 | J15: 1.976041 | K15: 3.305134 | L15: 4.498392
A16: jul | C16: 2.664197 | D16: 4.44468 | E16: 7.108877 | F16: 2.985371 | G16: 4.138579 | H16: 7.12395 | I16: 2.016729 | J16: 2.863203 | K16: 4.879932 | L16: 6.3709197
A17: ago | C17: 3.374882 | D17: 5.505532 | E17: 8.880414 | F17: 3.601379 | G17: 5.328406 | H17: 8.929785 | I17: 2.774763 | J17: 3.882302 | K17: 6.657065 | L17: 8.1557547
A18: set | C18: 4.127199 | D18: 6.405757 | E18: 10.532956 | F18: 4.246355 | G18: 6.582474 | H18: 10.828829 | I18: 3.341749 | J18: 4.854531 | K18: 8.19628 | L18: 9.8526883
A19: out | C19: 4.567776 | D19: 6.75604 | E19: 11.323816 | F19: 4.543609 | G19: 7.001483 | H19: 11.545092 | I19: 3.742301 | J19: 5.430908 | K19: 9.173209 | L19: 10.680706
A20: nov | C20: 4.603671 | D20: 6.832962 | E20: 11.436633 | F20: 4.411364 | G20: 6.535594 | H20: 10.946958 | I20: 3.730181 | J20: 5.29131 | K20: 9.021491 | L20: 10.468361
A21: dez | C21: 4.177431 | D21: 5.9664 | E21: 10.143831 | F21: 3.804554 | G21: 5.437548 | H21: 9.242102 | I21: 3.147192 | J21: 4.244313 | K21: 7.391505 | L21: 8.9258127
C23: Fonte: EPE a partir de (MAPA, 2026b)

Sheet A-16
A1: Voltar p/ Índice
E3: =Índice!AF3 -> Análise de Conjuntura - Ano Base 2025
C6: =Índice!AF6 -> Gráfico 16 - Produção e exportação brasileira de açúcar
A8: Ano | C8: Produção | D8: Exportação | E8: Consumo interno + variação de estoque
C9: (Milhões de ton)
A10: 2016 | C10: 38.893153 | D10: 28.930956 | E10: 9.960222
A11: 2017 | C11: 38.121884 | D11: 28.701774 | E11: 9.419886
A12: 2018 | C12: 28.502085 | D12: 21.260187 | E12: 7.2418978
A13: 2019 | C13: 29.951239 | D13: 17.889032 | E13: 12.062207
A14: 2020 | C14: 41.517871 | D14: 30.635763 | E14: 10.882108
A15: 2021 | C15: 35.113206 | D15: 27.254957 | E15: 7.8582486
A16: 2022 | C16: 36.320263 | D16: 28.345873 | E16: 7.9743904
A17: 2023 | C17: 45.765077 | D17: 31.417264 | E17: 14.347813
A18: 2024 | C18: 44.346137 | D18: 38.344872 | E18: 6.0012647
A19: 2025 | C19: 43.483097 | D19: 33.825203 | E19: 9.6578937
C21: Fonte: EPE a partir de (MAPA, 2026b)

Sheet A-17
A1: Voltar p/ Índice
E2: =Índice!AF3 -> Análise de Conjuntura - Ano Base 2025
C5: =Índice!AF10 -> Gráfico 17 - Preços internacionais do açúcar VHP e refinado
A7: Mês | C7: Açúcar VHP | D7: Açúcar refinado | E7: Média VHP | F7: Média refinado
C8: (cents/lb)
A9: 42005 | C9: 15.06 | D9: 17.85
A10: 42036 | C10: 14.52 | D10: 17.44
A11: 42064 | C11: 12.84 | D11: 16.63
A12: 42095 | C12: 12.93 | D12: 16.6
A13: 42125 | C13: 12.7 | D13: 16.57
A14: 42156 | C14: 11.75 | D14: 16
A15: 42186 | C15: 11.88 | D15: 16.23
A16: 42217 | C16: 10.67 | D16: 15.57
A17: 42248 | C17: 11.32 | D17: 15.93
A18: 42278 | C18: 14.14 | D18: 17.59
A19: 42309 | C19: 14.89 | D19: 18.25
A20: 42339 | C20: 15 | D20: 18.62
... A104: 44896 | C104: 20.021429 | D104: 24.911549
A105: 44927 | C105: 19.949 | D105: 24.909173 | E105: =AVERAGE($C$105:$C$116) -> 24.054359 | F105: =AVERAGE($D$105:$D$116) -> 30.052276
A106: 44958 | C106: 21.403158 | D106: 25.620067 | E106: =AVERAGE($C$105:$C$116) -> 24.054359 | F106: =AVERAGE($D$105:$D$116) -> 30.052276
A107: 44986 | C107: 20.961739 | D107: 26.934986 | E107: =AVERAGE($C$105:$C$116) -> 24.054359 | F107: =AVERAGE($D$105:$D$116) -> 30.052276
A108: 45017 | C108: 24.633158 | D108: 30.652827 | E108: =AVERAGE($C$105:$C$116) -> 24.054359 | F108: =AVERAGE($D$105:$D$116) -> 30.052276
A109: 45047 | C109: 25.745909 | D109: 32.08133 | E109: =AVERAGE($C$105:$C$116) -> 24.054359 | F109: =AVERAGE($D$105:$D$116) -> 30.052276
A110: 45078 | C110: 24.682857 | D110: 30.487905 | E110: =AVERAGE($C$105:$C$116) -> 24.054359 | F110: =AVERAGE($D$105:$D$116) -> 30.052276
A111: 45108 | C111: 24.0425 | D111: 30.47416 | E111: =AVERAGE($C$105:$C$116) -> 24.054359 | F111: =AVERAGE($D$105:$D$116) -> 30.052276
A112: 45139 | C112: 24.193043 | D112: 31.585404 | E112: =AVERAGE($C$105:$C$116) -> 24.054359 | F112: =AVERAGE($D$105:$D$116) -> 30.052276
A113: 45170 | C113: 26.6015 | D113: 32.780809 | E113: =AVERAGE($C$105:$C$116) -> 24.054359 | F113: =AVERAGE($D$105:$D$116) -> 30.052276
A114: 45200 | C114: 26.903636 | D114: 32.816508 | E114: =AVERAGE($C$105:$C$116) -> 24.054359 | F114: =AVERAGE($D$105:$D$116) -> 30.052276
A115: 45231 | C115: 27.31381 | D115: 33.569066 | E115: =AVERAGE($C$105:$C$116) -> 24.054359 | F115: =AVERAGE($D$105:$D$116) -> 30.052276
A116: 45261 | C116: 22.222 | D116: 28.715079 | E116: =AVERAGE($C$105:$C$116) -> 24.054359 | F116: =AVERAGE($D$105:$D$116) -> 30.052276
A117: 45292 | C117: 22.61 | D117: 29.06 | E117: =AVERAGE($C$117:$C$128) -> 20.76 | F117: =AVERAGE($D$117:$D$128) -> 26.008333
A118: 45323 | C118: 23.36 | D118: 28.82 | E118: =AVERAGE($C$117:$C$128) -> 20.76 | F118: =AVERAGE($D$117:$D$128) -> 26.008333
A119: 45352 | C119: 21.73 | D119: 28.21 | E119: =AVERAGE($C$117:$C$128) -> 20.76 | F119: =AVERAGE($D$117:$D$128) -> 26.008333
A120: 45383 | C120: 20.65 | D120: 26.66 | E120: =AVERAGE($C$117:$C$128) -> 20.76 | F120: =AVERAGE($D$117:$D$128) -> 26.008333
A121: 45413 | C121: 18.82 | D121: 25.16 | E121: =AVERAGE($C$117:$C$128) -> 20.76 | F121: =AVERAGE($D$117:$D$128) -> 26.008333
A122: 45444 | C122: 19.18 | D122: 25.4 | E122: =AVERAGE($C$117:$C$128) -> 20.76 | F122: =AVERAGE($D$117:$D$128) -> 26.008333
A123: 45474 | C123: 19.3 | D123: 24.91 | E123: =AVERAGE($C$117:$C$128) -> 20.76 | F123: =AVERAGE($D$117:$D$128) -> 26.008333
A124: 45505 | C124: 18.42 | D124: 23.7 | E124: =AVERAGE($C$117:$C$128) -> 20.76 | F124: =AVERAGE($D$117:$D$128) -> 26.008333
A125: 45536 | C125: 20.69 | D125: 24.9 | E125: =AVERAGE($C$117:$C$128) -> 20.76 | F125: =AVERAGE($D$117:$D$128) -> 26.008333
A126: 45566 | C126: 22.36 | D126: 25.86 | E126: =AVERAGE($C$117:$C$128) -> 20.76 | F126: =AVERAGE($D$117:$D$128) -> 26.008333
A127: 45597 | C127: 21.65 | D127: 25.42 | E127: =AVERAGE($C$117:$C$128) -> 20.76 | F127: =AVERAGE($D$117:$D$128) -> 26.008333
A128: 45627 | C128: 20.35 | D128: 24 | E128: =AVERAGE($C$117:$C$128) -> 20.76 | F128: =AVERAGE($D$117:$D$128) -> 26.008333
A129: 45658 | C129: 18.948 | D129: 22.58 | E129: =AVERAGE(C129:C140) -> 16.969583 | F129: =AVERAGE(D129:D140) -> 21.696917
A130: 45689 | C130: 20.173 | D130: 24.123 | E130: =AVERAGE(C129:C140) -> 16.969583 | F130: =AVERAGE(D129:D140) -> 21.696917
A131: 45717 | C131: 19.056 | D131: 24.435 | E131: =AVERAGE(C129:C140) -> 16.969583 | F131: =AVERAGE(D129:D140) -> 21.696917
A132: 45748 | C132: 18.183 | D132: 23.079 | E132: =AVERAGE(C129:C140) -> 16.969583 | F132: =AVERAGE(D129:D140) -> 21.696917
A133: 45778 | C133: 17.438 | D133: 22.223 | E133: =AVERAGE(C129:C140) -> 16.969583 | F133: =AVERAGE(D129:D140) -> 21.696917
A134: 45809 | C134: 16.244 | D134: 21.4 | E134: =AVERAGE(C129:C140) -> 16.969583 | F134: =AVERAGE(D129:D140) -> 21.696917
A135: 45839 | C135: 16.364 | D135: 21.441 | E135: =AVERAGE(C129:C140) -> 16.969583 | F135: =AVERAGE(D129:D140) -> 21.696917
A136: 45870 | C136: 16.39 | D136: 21.761 | E136: =AVERAGE(C129:C140) -> 16.969583 | F136: =AVERAGE(D129:D140) -> 21.696917
A137: 45901 | C137: 15.762 | D137: 21.019 | E137: =AVERAGE(C129:C140) -> 16.969583 | F137: =AVERAGE(D129:D140) -> 21.696917
A138: 45931 | C138: 15.559 | D138: 19.975 | E138: =AVERAGE(C129:C140) -> 16.969583 | F138: =AVERAGE(D129:D140) -> 21.696917
A139: 45962 | C139: 14.596 | D139: 18.991 | E139: =AVERAGE(C129:C140) -> 16.969583 | F139: =AVERAGE(D129:D140) -> 21.696917
A140: 45992 | C140: 14.922 | D140: 19.336 | E140: =AVERAGE(C129:C140) -> 16.969583 | F140: =AVERAGE(D129:D140) -> 21.696917
C142: Fonte: EPE a partir de (USDA, 2026b)

Sheet A-18
A1: Voltar p/ Índice
E2: =Índice!AF3 -> Análise de Conjuntura - Ano Base 2025
C5: =Índice!AF14 -> Gráfico 18 - Mix e preços do açúcar e etanol hidratado (c/CBIO)
A7: Mês/ano | C7: Açúcar VHP (Contrato nº11) | D7: Hidratado | E7: Hidratado (c/ CBIO) | F7: Mix açúcar (%)
C8: (cents/lb) | F8: (%)
A9: 43466 | C9: 12.7 | D9: 16.969811 | E9: 16.969811 | F9: 0.36263217
A10: 43497 | C10: 12.94 | D10: 17.843606 | E10: 17.843606 | F10: 0.31733491
A11: 43525 | C11: 12.47 | D11: 18.318065 | E11: 18.318065 | F11: 0.15616794
A12: 43556 | C12: 12.55 | D12: 18.420865 | E12: 18.420865 | F12: 0.27988585
A13: 43586 | C13: 11.82 | D13: 16.277892 | E13: 16.277892 | F13: 0.3474697
A14: 43617 | C14: 12.44 | D14: 16.546752 | E14: 16.546752 | F14: 0.3505948
A15: 43647 | C15: 12.15 | D15: 17.499624 | E15: 17.499624 | F15: 0.36483929
A16: 43678 | C16: 11.56 | D16: 17.056795 | E16: 17.056795 | F16: 0.35429956
A17: 43709 | C17: 11.16 | D17: 16.443953 | E17: 16.443953 | F17: 0.34440607
A18: 43739 | C18: 12.46 | D18: 17.432409 | E18: 17.432409 | F18: 0.34351833
A19: 43770 | C19: 12.69 | D19: 18.199451 | E19: 18.199451 | F19: 0.29118861
A20: 43800 | C20: 13.34 | D20: 19.164184 | E20: 19.164184 | F20: 0.32620613
... A92: 45992 | C92: 14.922 | D92: 21.105511 | E92: 21.34503 | F92: 0.23612079
C94: Fonte: EPE a partir de (BC, 2026; CEPEA/ESALQ, 2026b; EPE, 2026; MAPA, 2026b; UDOP, 2024; USDA, 2026b)

Sheet A-19
A1: Voltar p/ Índice
E2: =Índice!AF3 -> Análise de Conjuntura - Ano Base 2025
C5: =Índice!AF18 -> Gráfico 19 - Mix de produção (açúcar x etanol)
A7: Safra | C7: Açúcar | D7: Anidro | E7: Hidratado
C8: (% ATR)
A9: 15/16 | C9: 40.427729 | D9: 22.519522 | E9: 37.059237
A10: 16/17 | C10: 45.906515 | D10: 22.09578 | E10: 31.997704
A11: 17/18 | C11: 45.9 | D11: 22.420436 | E11: 31.7
A12: 18/19 | C12: 35.5 | D12: 19.2 | E12: 45.3
A13: 19/20 | C13: 34.929791 | D13: 19.946086 | E13: 45.124124
A14: 20/21 | C14: 45.91615 | D14: 17.44952 | E14: 36.634331
A15: 21/22 | C15: 45.493634 | D15: 21.862173 | E15: 32.644193
A16: 22/23 | C16: 46.132987 | D16: 23.662107 | E16: 30.204906
A17: 23/24 | C17: 47.416126 | D17: 23.124555 | E17: 29.459318
A18: 24/25 | C18: 48.223737 | D18: 18.728109 | E18: 33.048154
A19: 25/26 | C19: 50.013317 | D19: 19.121218 | E19: 30.865464
C21: Fonte: EPE a partir de (CONAB, 2026b, 2026c; DATAGRO, 2026b).

Sheet A-20
A1: Voltar p/ Índice
E3: =Índice!AF3 -> Análise de Conjuntura - Ano Base 2025
C6: =Índice!AF10 -> Gráfico 17 - Preços internacionais do açúcar VHP e refinado
A8: Ano | C8: Agrícola | D8: Açúcar | E8: Etanol | F8: Cogeração | G8: Total
C9: (Bilhões de reais)
A10: 2009 | C10: 1.6457114 | D10: 3.9441859 | E10: 8.4750529 | F10: 1.256558 | G10: 15.321508
A11: 2010 | C11: 2.1777931 | D11: 5.5274486 | E11: 7.703926 | F11: 1.5187992 | G11: 16.927967
A12: 2011 | C12: 1.9494787 | D12: 2.5023134 | E12: 6.3700815 | F12: 1.8507327 | G12: 12.672606
A13: 2012 | C13: 2.3733745 | D13: 2.2891963 | E13: 2.3815294 | F13: 1.3404213 | G13: 8.3845215
A14: 2013 | C14: 3.924342 | D14: 4.9946695 | E14: 3.8772506 | F14: 0.38324478 | G14: 13.179507
A15: 2014 | C15: 3.3673686 | D15: 4.0370469 | E15: 4.5701734 | F15: 0.20835929 | G15: 12.182948
A16: 2015 | C16: 1.4798396 | D16: 0.93513868 | E16: 1.7728055 | F16: 0.35720046 | G16: 4.5449842
A17: 2016 | C17: 1.6317924 | D17: 0.49453265 | E17: 0.73219098 | F17: 0.20933778 | G17: 3.0678538
A18: 2017 | C18: 1.6754367 | D18: 0.33659798 | E18: 0.45241145 | F18: 0.031250213 | G18: 2.4956963
A19: 2018 | C19: 1.3165188 | D19: 0.91654921 | E19: 0.30748602 | F19: 0.1332732 | G19: 2.6738272
A20: 2019 | C20: 0.98593983 | D20: 0.89404675 | E20: 0.44932025 | F20: 0.19525559 | G20: 2.5245624
A21: 2020 | C21: 0.67237579 | D21: 0.5263031 | E21: 0.55070514 | F21: 0.087172593 | G21: 1.8365566
... A26: 2025 | C26: 0.67623992 | D26: 1.4148275 | E26: 2.5264162 | F26: 0.028515899 | G26: 4.6459995
C28: Fonte: EPE a partir de (BNDES, 2026)

Sheet A-21
A1: Voltar p/ Índice
E2: =Índice!AF3 -> Análise de Conjuntura - Ano Base 2025
C5: =Índice!AF26 -> Gráfico 21 - Licenciamento de veículos leves por categoria
A7: Ano | C7: Autos total | D7: CL total | E7: Veículos totais
C8: (Unidades)
A9: 2015 | C9: 2123009 | D9: 357523 | E9: 2480532
A10: 2016 | C10: 1688289 | D10: 300307 | E10: 1988596
A11: 2017 | C11: 1856584 | D11: 319400 | E11: 2175984
A12: 2018 | C12: 2102114 | D12: 373224 | E12: 2475338
A13: 2019 | C13: 2262073 | D13: 403510 | E13: 2665583
A14: 2020 | C14: 1615942 | D14: 338868 | E14: 1954810
A15: 2021 | C15: 1558467 | D15: 418663 | E15: 1977130
A16: 2022 | C16: 1576662 | D16: 383788 | E16: 1960450
A17: 2023 | C17: 1721400 | D17: 458879 | E17: 2180279
A18: 2024 | C18: 1948681 | D18: 538940 | E18: 2487621
A19: 2025 | C19: 1997264 | D19: 554937 | E19: 2552201
C21: Fonte: Elaboração própria a partir de (ANFAVEA, 2026b)

Sheet A-22
A1: Voltar p/ Índice
E2: =Índice!AF3 -> Análise de Conjuntura - Ano Base 2025
C5: =Índice!AF30 -> Gráfico 22 – Licenciamento de automóveis por porte em 2025
A7: Categoria | C7: Licenciamento
C8: (%)
A9: Hatch pequeno | C9: 0.245
A10: SUV | C10: 0.549
A11: Entrada | C11: 0.067
A12: Sedan pequeno | C12: 0.032
A13: Sedan médio | C13: 0.03
A14: Sedan compacto | C14: 0.061
A15: Outros | C15: 0.017
C17: Fonte: Elaboração própria a partir de (FENABRAVE, 2026)

Sheet A-23
A1: Voltar p/ Índice
E2: =Índice!AF3 -> Análise de Conjuntura - Ano Base 2025
C5: =Índice!_Ref44346475 -> Gráfico 23 - Depreciação dos veículos: convencionais (c) vs eletrificados (e)
A7: Categoria | C7: 2023 | D7: 2026 | E7: Depreciação
C8: (RS$ (2026)) | E8: (%)
A9: Hatch (c) | C9: 98225.467 | D9: 70370 | E9: 0.2836
A10: Hatch (e) | C10: 171644.63 | D10: 117950 | E10: 0.3128
A11: Sedan (c) | C11: 208098.64 | D11: 143359 | E11: 0.3111
A12: Sedan (e) | C12: 225275.18 | D12: 144263 | E12: 0.3596
A13: SUV (c) | C13: 223763.45 | D13: 146003 | E13: 0.3475
A14: SUV (e) | C14: 236372.95 | D14: 145156 | E14: 0.3859
C16: Fonte: Elaborado a partir de (ABVE, 2026c; FENABRAVE, 2024; FIPE, 2026).

Sheet A-24
A1: Voltar p/ Índice
E2: =Índice!AF3 -> Análise de Conjuntura - Ano Base 2025
C5: =Índice!AF38 -> Gráfico 24 - Licenciamento de motocicletas
A7: Ano | C7: Moto total
C8: (Unidades])
A9: 2015 | C9: 1224597
A10: 2016 | C10: 899793
A11: 2017 | C11: 851013
A12: 2018 | C12: 940108
A13: 2019 | C13: 1077234
A14: 2020 | C14: 915157
A15: 2021 | C15: 1156776
A16: 2022 | C16: 1361941
A17: 2023 | C17: 1582032
A18: 2024 | C18: 1876427
A19: 2025 | C19: 2197851
C21: Fonte: Elaboração própria a partir de (ABRACICLO, 2026)

Sheet A-25
A1: Voltar p/ Índice
E2: =Índice!AF3 -> Análise de Conjuntura - Ano Base 2025
C5: =Índice!AF42 -> Gráfico 25 - Faixas de idade de automóveis, comerciais leves e motocicletas em 2025
A7: Categoria | C7: 0 a 5 anos | D7: 6 a 10 anos | E7: 11 a 15 anos | F7: 16 a 20 anos | G7: mais de 20 anos
C8: (%)
A9: Auto | C9: 0.2261 | D9: 0.2062 | E9: 0.2649 | F9: 0.1486 | G9: 0.15
A10: CL | C10: 0.401 | D10: 0.2212 | E10: 0.2386 | F10: 0.0798 | G10: 0.06
A11: Moto | C11: 0.414 | D11: 0.1738 | E11: 0.2054 | F11: 0.1364 | G11: 0.07
C13: Fonte: EPE

Sheet A-26
A1: Voltar p/ Índice
F3: =Índice!AF3 -> Análise de Conjuntura - Ano Base 2025
C6: =Índice!AF50 -> Gráfico 27 - Participação de tecnologias no segmento de eletrificados
A8: Ano | C8: Auto HEV | D8: Auto HEV flex | E8: CL HEV | F8: CL HEV flex | G8: Auto PHEV | H8: CL PHEV | I8: Auto BEV | J8: CL BEV | K8: Participação eletrificados
C9: (nº de unidades) | K9: (%)
A10: 2018 | C10: 3789 | E10: 4 | G10: 176 | J10: 1 | K10: 0.002
A11: 2019 | C11: 11306 | E11: 13 | G11: 538 | J11: 1 | K11: 0.004
A12: 2020 | C12: 18886 | E12: 55 | G12: 801 | J12: 3 | K12: 0.01
A13: 2021 | C13: 1723 | D13: 18866 | E13: 7 | F13: 82 | G13: 11412 | H13: 49 | I13: 2839 | J13: 12 | K13: 0.018
A14: 2022 | C14: 1997 | D14: 21046 | E14: 2 | G14: 11501 | H14: 2 | I14: 7520 | J14: 937 | K14: 0.022
A15: 2023 | C15: 7862 | D15: 22235 | E15: 285 | F15: 1 | G15: 33047 | H15: 2 | I15: 18490 | J15: 820 | K15: 0.038
A16: 2024 | C16: 14422 | D16: 20426 | E16: 848 | G16: 63697 | H16: 313 | I16: 60169 | J16: 1446 | K16: 0.065
A17: 2025 | C17: 21667 | D17: 21323 | E17: 726 | G17: 98861 | H17: 1135 | I17: 79773 | J17: 411 | K17: 0.088
C19: Fonte: Elaboração própria a partir de (ABVE, 2026b).

Sheet A-27
A1: Voltar p/ Índice
E3: =Índice!AF3 -> Análise de Conjuntura - Ano Base 2025
C6: =Índice!AF50 -> Gráfico 27 - Participação de tecnologias no segmento de eletrificados
A8: Ano | C8: Participação HEV | D8: Participação PHEV | E8: Participação BEV
C9: (%)
A10: 2018 | C10: 0.955 | D10: 0.044 | E10: 0.001
A11: 2019 | C11: 0.955 | D11: 0.045 | E11: 0
A12: 2020 | C12: 0.959 | D12: 0.041 | E12: 0
A13: 2021 | C13: 0.591 | D13: 0.328 | E13: 0.081
A14: 2022 | C14: 0.536 | D14: 0.267 | E14: 0.197
A15: 2023 | C15: 0.367 | D15: 0.399 | E15: 0.234
A16: 2024 | C16: 0.221 | D16: 0.397 | E16: 0.382
A17: 2025 | C17: 0.195 | D17: 0.447 | E17: 0.358
C19: Fonte: EPE a partir de (CONAB, 2026a, 2026c)
A25: 1

Sheet A-28
A1: Voltar p/ Índice
E3: =Índice!AF3 -> Análise de Conjuntura - Ano Base 2025
C6: =Índice!AF54 -> Gráfico 28 - Evolução de postos de recarga de veículos elétricos no Brasil
A8: Mês/ano | C8: Eletropostos | D8: Total
C9: (nº de unidades)
A10: dez/21 | C10: 800 | D10: 800
A11: out/22 | C11: 2862 | D11: 2862
A12: dez/23 | C12: 4300 | D12: 4300
A13: nov/24 | C13: 12137 | D13: 12137
A14: ago/25 | C14: 16880 | D14: 16880
C16: Fonte: EPE a partir de (CONAB, 2026a, 2026c)

Sheet A-29
A1: Voltar p/ Índice
E3: =Índice!AF3 -> Análise de Conjuntura - Ano Base 2025
C6: =Índice!AF58 -> Gráfico 29 - Indicadores qualitativos de recarga de veículos elétricos no Brasil e em países selecionados
A8: País/região | C8: EV/EP | D8: kW/EV
C9: (nº de unidades)
A10: Brasil | C10: 23.5 | D10: 1
A11: Europa | C11: 11.3 | D11: 4.1
A12: Estados Unidos | C12: 33.6 | D12: 1.4
A13: China | C13: 9.9 | D13: 4.8
A14: Mundo | C14: 11.1 | D14: 4.1
C16: Fonte: EPE a partir de (CONAB, 2026a, 2026c)

Sheet A-30
A1: Voltar p/ Índice
E2: =Índice!$AF$3 -> Análise de Conjuntura - Ano Base 2025
C5: =Índice!AF62 -> Gráfico 30 - Demanda do ciclo Otto – Faixa de variação dos últimos 5 anos versus 2025
A7: Mês | C7: Faixa de variação 2021-2025 | E7: 2025
C8: lim. Sup. | D8: lim. Inf.
C9: (Milhões de litros)
A10: jan | C10: 5.9862923 | D10: 4.4476973 | E10: 5.9862923
A11: fev | C11: 5.3066652 | D11: 4.4098628 | E11: 5.3066652
A12: mar | C12: 5.6618597 | D12: 4.5336603 | E12: 5.6618597
A13: abr | C13: 5.9309464 | D13: 4.3051248 | E13: 5.9309464
A14: mai | C14: 5.8406801 | D14: 4.6393449 | E14: 5.8406801
A15: jun | C15: 5.6593688 | D15: 4.5704542 | E15: 5.6593688
A16: jul | C16: 5.8810031 | D16: 5.0402362 | E16: 5.8810031
A17: ago | C17: 5.8000539 | D17: 5.0052188 | E17: 5.8000539
A18: set | C18: 5.9818576 | D18: 4.8687426 | E18: 5.9818576
A19: out | C19: 6.2526029 | D19: 4.9232241 | E19: 6.2526029
A20: nov | C20: 5.9022142 | D20: 4.7023807 | E20: 5.9022142
A21: dez | C21: 6.6688399 | D21: 5.303596 | E21: 6.6688399
C23: Fonte: EPE a partir de (ANP, 2026b) ; (EPE, 2026a); (MAPA, 2026a).

Sheet A-31
A1: Voltar p/ Índice
E2: =Índice!$AF$3 -> Análise de Conjuntura - Ano Base 2025
C5: =Índice!_Ref65677600 -> Gráfico 31 - Demanda do ciclo Otto e participação dos diferentes combustíveis
A7: Ano | C7: Gasolina A | D7: Anidro | E7: Hidratado | F7: Total | G7: Gasolina A | H7: Anidro | I7: Hidratado
C8: (Milhões de m³ gas. equiv.) | G8: (%)
A9: 2015 | C9: 30.203736 | D9: 10.940056 | E9: 13.152108 | F9: =SUM(C9:E9) -> 54.2959 | G9: =C9/$F9 -> 0.55628023 | H9: =D9/$F9 -> 0.20148954 | I9: =E9/$F9 -> 0.24223023
A10: 2016 | C10: 31.40393 | D10: 11.10027 | E10: 10.915789 | F10: =SUM(C10:E10) -> 53.419989 | G10: =C10/$F10 -> 0.58786852 | H10: =D10/$F10 -> 0.20779244 | I10: =E10/$F10 -> 0.20433904
A11: 2017 | C11: 32.229158 | D11: 12.071566 | E11: 10.159986 | F11: =SUM(C11:E11) -> 54.46071 | G11: =C11/$F11 -> 0.59178734 | H11: =D11/$F11 -> 0.22165642 | I11: =E11/$F11 -> 0.18655625
A12: 2018 | C12: 27.996799 | D12: 10.214283 | E12: 14.08663 | F12: =SUM(C12:E12) -> 52.297712 | G12: =C12/$F12 -> 0.53533506 | H12: =D12/$F12 -> 0.19531033 | I12: =E12/$F12 -> 0.26935461
A13: 2019 | C13: 27.860477 | D13: 10.553621 | E13: 16.272811 | F13: =SUM(C13:E13) -> 54.686909 | G13: =C13/$F13 -> 0.50945423 | H13: =D13/$F13 -> 0.19298258 | I13: =E13/$F13 -> 0.29756319
A14: 2020 | C14: 26.151238 | D14: 9.77843 | E14: 13.884057 | F14: =SUM(C14:E14) -> 49.813725 | G14: =C14/$F14 -> 0.52498058 | H14: =D14/$F14 -> 0.19629991 | I14: =E14/$F14 -> 0.27871951
A15: 2021 | C15: 28.701663 | D15: 11.05256 | E15: 12.301612 | F15: =SUM(C15:E15) -> 52.055835 | G15: 0.55136304 | H15: 0.21232125 | I15: 0.23631571
A16: 2022 | C16: 31.418669 | D16: 12.197772 | E16: 11.861295 | F16: =SUM(C16:E16) -> 55.477736 | G16: 0.56632933 | H16: 0.21986788 | I16: 0.21380279
A17: 2023 | C17: 33.601691 | D17: 12.855315 | E17: 12.683317 | F17: =SUM(C17:E17) -> 59.140323 | G17: 0.56816888 | H17: 0.21736971 | I17: 0.2144614
A18: 2024 | C18: 32.266971 | D18: 12.357439 | E18: 16.502628 | F18: =SUM(C18:E18) -> 61.127038 | G18: 0.5278674 | H18: 0.20215995 | I18: 0.26997265
A19: 2025 | C19: 33.442377 | D19: 14.216866 | E19: 16.249199 | F19: =SUM(C19:E19) -> 63.908442 | G19: 0.52328575 | H19: 0.22245678 | I19: 0.25425747
C21: Fonte: EPE a partir de EPE (2026a)

Sheet A-32
A1: Voltar p/ Índice
E2: =Índice!AF3 -> Análise de Conjuntura - Ano Base 2025
C5: =Índice!AU10 -> Gráfico 32 - Demanda anual de etanol hidratado e gasolina C
A7: Ano | C7: Gasolina C | D7: Etanol hidratado
C8: (Bilhões de litros)
A9: 2015 | C9: 41.143792 | D9: 18.788726
A10: 2016 | C10: 42.5042 | D10: 15.593985
A11: 2017 | C11: 44.300724 | D11: 14.514265
A12: 2018 | C12: 38.211082 | D12: 20.123757
A13: 2019 | C13: 38.414098 | D13: 23.246873
A14: 2020 | C14: 35.929668 | D14: 19.834367
A15: 2021 | C15: 39.754223 | D15: 17.573731
A16: 2022 | C16: 43.616441 | D16: 16.944707
A17: 2023 | C17: 46.457006 | D17: 18.119024
A18: 2024 | C18: 44.62441 | D18: 23.575183
A19: 2025 | C19: 47.659243 | D19: 23.213141
C21: Fonte: EPE a partir de EPE (2024a).

Sheet A-33
A1: Voltar p/ Índice
E2: =Índice!AF3 -> Análise de Conjuntura - Ano Base 2025
C5: =Índice!AU14 -> Gráfico 33 - Produção, demanda e importação líquida de gasolina A
A7: Ano | C7: Produção | D7: Demanda | E7: Importação líquida
C8: (Bilhões de litros)
A9: 2015 | C9: 27.283 | D9: 30.204 | E9: 2.325
A10: 2016 | C10: 28.186574 | D10: 31.40393 | E10: 3.081741
A11: 2017 | C11: 28.337593 | D11: 32.229158 | E11: 4.010515
A12: 2018 | C12: 26.011192 | D12: 27.996799 | E12: 1.843512
A13: 2019 | C13: 25.394563 | D13: 27.860477 | E13: 2.874015
A14: 2020 | C14: 23.547238 | D14: 26.151238 | E14: 2.572736
A15: 2021 | C15: 28.099701 | D15: 28.701663 | E15: 0.96039
A16: 2022 | C16: 28.673702 | D16: 31.418669 | E16: 3.60029
A17: 2023 | C17: 30.638453 | D17: 33.601691 | E17: 2.510296
A18: 2024 | C18: 31.948731 | D18: 32.308933 | E18: 0.75959
A19: 2025 | C19: 31.372 | D19: 33.442 | E19: 2.265
C21: Fonte: EPE a partir de (EPE, 2026a).

Sheet A-34
A1: Voltar p/ Índice
E2: =Índice!AF3 -> Análise de Conjuntura - Ano Base 2025
C5: =Índice!AU18 -> Gráfico 34 - Preços de etanol hidratado
A7: Mês | C7: Consumidor | D7: Distribuidor | E7: Usina/SP
C8: (R$/litro - dez/25)
A9: 44197 | C9: 4.108435 | D9: 3.5002556 | E9: 2.6632767
A10: 44228 | C10: 4.3367703 | D10: 3.7229872 | E10: 2.8803898
A11: 44256 | C11: 5.0645313 | D11: 4.2955383 | E11: 3.3493437
A12: 44287 | C12: 4.7656828 | D12: 4.0103339 | E12: 3.1732157
A13: 44317 | C13: 5.2475317 | D13: 4.5736112 | E13: 3.6228889
A14: 44348 | C14: 5.3551751 | D14: 4.5938002 | E14: 3.5962822
A15: 44378 | C15: 5.2568217 | D15: 4.5269601 | E15: 3.5676931
A16: 44409 | C16: 5.395822 | D16: 4.7658421 | E16: 3.7787183
A17: 44440 | C17: 5.6048379 | D17: 4.9321787 | E17: 3.8955731
A18: 44470 | C18: 5.7600871 | D18: 5.0753886 | E18: 4.1906759
A19: 44501 | C19: 6.2845126 | D19: 5.4600347 | E19: 4.3224496
A20: 44531 | C20: 5.9649224 | D20: 5.0341179 | E20: 3.8860977
... A68: 45992 | C68: 4.422349 | D68: 3.736 | E68: 2.9083
C70: Fonte: EPE a partir de (ANP, 2026c; CEPEA/ESALQ, 2026b).

Sheet A-35
A1: Voltar p/ Índice
E2: =Índice!AF3 -> Análise de Conjuntura - Ano Base 2025
C5: =Índice!AU22 -> Gráfico 35 - Relação de preços entre o hidratado e a gasolina C (PE/PG)
A7: Ano | C7: PE/PG
C8: (%)
A9: 2016 | C9: 0.71032989
A10: 2017 | C10: 0.70737929
A11: 2018 | C11: 0.65965948
A12: 2019 | C12: 0.66366888
A13: 2020 | C13: 0.68940531
A14: 2021 | C14: 0.73154308
A15: 2022 | C15: 0.73454699
A16: 2023 | C16: 0.67958053
A17: 2024 | C17: 0.65354157
A18: 2025 | C18: 0.6874026
C20: Fonte: EPE a partir de (ANP, 2026c)

Sheet A-36
A1: Voltar p/ Índice
E2: =Índice!AF3 -> Análise de Conjuntura - Ano Base 2025
C5: =Índice!AF46 -> Gráfico 26 - Licenciamento de eletrificados e participação no licenciamento total
A7: Mês | C7: PE/PG | D7: PE | E7: PG
C8: (%) | D8: R$ const.(dez-25)/l
A9: 45658 | C9: 0.68387961 | D9: 4.2250042 | E9: 6.177994
A10: 45689 | C10: 0.69025475 | D10: 4.3932742 | E10: 6.3647141
A11: 45717 | C11: 0.68841538 | D11: 4.3678845 | E11: 6.3448387
A12: 45748 | C12: 0.68407362 | D12: 4.3272449 | E12: 6.3257005
A13: 45778 | C13: 0.6836547 | D13: 4.2962159 | E13: 6.2841898
A14: 45809 | C14: 0.67604849 | D14: 4.2161015 | E14: 6.2363891
A15: 45839 | C15: 0.67059789 | D15: 4.1679561 | E15: 6.2152685
A16: 45870 | C16: 0.67549685 | D16: 4.1826849 | E16: 6.1920033
A17: 45901 | C17: 0.68847087 | D17: 4.2631036 | E17: 6.1921601
A18: 45931 | C18: 0.69038599 | D18: 4.2839971 | E18: 6.2052327
A19: 45962 | C19: 0.69683458 | D19: 4.3051764 | E19: 6.178212
A20: 45992 | C20: 0.71353531 | D20: 4.422349 | E20: 6.1977798
C22: Fonte: EPE a partir de (ANP, 2026c).

Sheet A-37
A1: Voltar p/ Índice
E2: =Índice!AF3 -> Análise de Conjuntura - Ano Base 2025
C5: =Índice!AU30 -> Gráfico 37 - Diferenciação Tributária - ICMS “ad rem” (*) (gasolina C x etanol hidratado) 2025
A7: UFs | C7: Diferenciação 2025
C8: (%)
A9: MS | C9: 0.13621786
A10: SP | C10: 0.13232669
A11: PR | C11: 0.12232455
A12: MG | C12: 0.11755671
A13: DF | C13: 0.10803562
A14: GO | C14: 0.10507087
A15: PB | C15: 0.099500986
A16: BA | C16: 0.097054571
A17: PE | C17: 0.095714411
A18: PI | C18: 0.084489799
A19: AP | C19: 0.078138435
A20: RS | C20: 0.076318909
... A35: AM | C35: 0.0059573114
C37: Fonte: (CONFAZ/MF, 2026a, 2026b; FECOMBUSTÍVEIS, 2026)

Sheet A-38
A1: Voltar p/ Índice
E2: =Índice!AF3 -> Análise de Conjuntura - Ano Base 2025
C5: =Índice!AU34 -> Gráfico 38 - Fluxo de usinas de etanol de cana e milho no Brasil
A7: Ano | C7: Implantação (Cana) | D7: Fechamento (Cana) | E7: Reativação (Cana) | F7: Implantação (Milho)
C8: (unidades)
A9: 2005 | C9: 8
A10: 2006 | C10: 24
A11: 2007 | C11: 26
A12: 2008 | C12: 34 | D12: -4
A13: 2009 | C13: 21 | D13: -5
A14: 2010 | C14: 13 | D14: -5
A15: 2011 | C15: 5 | D15: -19
A16: 2012 | C16: 2 | D16: -20 | E16: 2 | F16: 1
A17: 2013 | C17: 3 | D17: -17 | E17: 2 | F17: 1
A18: 2014 | D18: -15 | E18: 2 | F18: 1
A19: 2015 | C19: 1 | D19: -11 | E19: 7 | F19: 2
A20: 2016 | C20: 2 | D20: -1 | E20: 3 | F20: 1
A21: 2017 | D21: -15 | E21: 3 | F21: 2
A22: 2018 | D22: -8 | E22: 4 | F22: 3
A23: 2019 | D23: -6 | E23: 1 | F23: 2
A24: 2020 | D24: -4 | E24: 4 | F24: 2
A25: 2021 | D25: -3 | F25: 3
A26: 2022 | D26: -7 | E26: 3 | F26: 2
A27: 2023 | C27: 2 | F27: 6
A28: 2024 | F28: 6
A29: 2025 | C29: 1 | D29: -2 | E29: 1 | F29: 4
C31: Fonte: EPE a partir de (ANP, 2026a, 2026d; MAPA, 2026c, 2026d; UNICA, 2014).

Sheet A-39
A1: Voltar p/ Índice
E2: =Índice!AF3 -> Análise de Conjuntura - Ano Base 2025
C5: =Índice!AU38 -> Gráfico 39 - Produção, capacidade excedente e nominal de etanol em 2025
A7: Insumo | C7: Etanol Produzido | D7: Capacidade Ociosa | E7: Capacidade Nominal
C8: (Milhões de litros)
A9: Cana-de-açúcar | C9: 26.707262 | D9: 21.558738 | E9: 48.266
A10: Milho | C10: 9.535726 | D10: 2.821054 | E10: 12.35678
C12: Fonte: EPE a partir de (ANP, 2026a, 2026d; MAPA, 2026b, 2026c, 2026d; UNICA, 2026).

Sheet A-40
A1: Voltar p/ Índice
E2: =Índice!AF3 -> Análise de Conjuntura - Ano Base 2025
C5: =Índice!AU42 -> Gráfico 40 - Evolução da capacidade instalada de produção de etanol no Brasil
A7: Ano | C7: Anidro | D7: Hidratado
C8: (mil m³/dia)
A9: 2014 | C9: 106 | D9: 206
A10: 2015 | C10: 116 | D10: 213
A11: 2016 | C11: 120 | D11: 219
A12: 2017 | C12: 128 | D12: 237
A13: 2018 | C13: 126 | D13: 233
A14: 2019 | C14: 130 | D14: 237
A15: 2020 | C15: 129.341 | D15: 242.902
A16: 2021 | C16: 132 | D16: 246
A17: 2022 | C17: 135.773 | D17: 251.3053
A18: 2023 | C18: 140 | D18: 257
A19: 2024 | C19: 147.23 | D19: 269.3338
A20: 2025 | C20: 154.951 | D20: 277.6648
C22: Fonte: EPE a partir de (ANP, 2026a)

Sheet A-41
A1: Voltar p/ Índice
E2: =Índice!AF3 -> Análise de Conjuntura - Ano Base 2025
C5: =Índice!AU46 -> Gráfico 41 - Capacidade brasileira de tancagem de etanol por região em 2025
A7: Regiões | C7: Total
C8: (bilhões de litros)
A9: Centro-Oeste | C9: 5.821329
A10: Nordeste | C10: 1.187355
A11: Norte | C11: 0.1538
A12: Sudeste | C12: 11.936688
A13: Sul | C13: 0.891638
A14: Brasil | C14: 19.99081
C16: Fonte: EPE a partir de (ANP, 2026a)

Sheet A-42
A1: Voltar p/ Índice
E2: =Índice!AF3 -> Análise de Conjuntura - Ano Base 2025
C5: =Índice!AU50 -> Gráfico 42 - Participação da biomassa na geração elétrica
A7: Mês | C7: Hidráulica (>30 MW) | D7: PCH | E7: Térmica | F7: Eólica | G7: Solar Fotovoltaica | H7: Térmica a Biomassa
C8: (GWméd)
A9: 44197 | C9: 43.055918 | D9: 3.0107751 | E9: 14.685229 | F9: 7.3411081 | G9: 0.69686852 | H9: 0.9334964
A10: 44228 | C10: 48.636147 | D10: 3.2546852 | E10: 11.555042 | F10: 5.2444287 | G10: 0.6138013 | H10: 0.94613698
A11: 44256 | C11: 50.102471 | D11: 3.0028212 | E11: 10.024262 | F11: 5.197949 | G11: 0.73956933 | H11: 1.2523084
A12: 44287 | C12: 44.758744 | D12: 2.3253987 | E12: 11.409649 | F12: 6.0772957 | G12: 0.74235549 | H12: 2.9086769
A13: 44317 | C13: 41.426051 | D13: 2.0192263 | E13: 12.950243 | F13: 6.9416524 | G13: 0.74508883 | H13: 4.249629
A14: 44348 | C14: 35.385267 | D14: 2.2390045 | E14: 17.241746 | F14: 7.8537217 | G14: 0.77722523 | H14: 4.2792457
A15: 44378 | C15: 31.406729 | D15: 1.8790712 | E15: 18.86659 | F15: 9.4507233 | G15: 0.79180238 | H15: 4.6036111
A16: 44409 | C16: 30.188633 | D16: 1.5653481 | E16: 20.833353 | F16: 10.685557 | G16: 0.78665248 | H16: 4.5430326
A17: 44440 | C17: 32.413152 | D17: 1.8374135 | E17: 20.978256 | F17: 10.510493 | G17: 1.002871 | H17: 4.3680635
A18: 44470 | C18: 31.759476 | D18: 2.7794555 | E18: 20.406066 | F18: 9.3388285 | G18: 0.95116888 | H18: 3.2962547
A19: 44501 | C19: 37.097915 | D19: 2.8680395 | E19: 18.052309 | F19: 7.8205865 | G19: 1.0754736 | H19: 2.2382228
A20: 44531 | C20: 42.169871 | D20: 2.9393566 | E20: 12.977592 | F20: 7.7491472 | G20: 1.0005473 | H20: 1.0923568
... A68: 45992 | C68: 44.411201 | D68: 2.8387009 | E68: 9.6760324 | F68: 11.254933 | G68: 4.3925655 | H68: 1.8500793
C70: Fonte: EPE a partir de (CCEE, 2026a).

Sheet A-43
A1: Voltar p/ Índice
E2: =Índice!AF3 -> Análise de Conjuntura - Ano Base 2025
C5: =Índice!_Ref65749564 -> Gráfico 43 - Autoconsumo e energia exportada pelas usinas de biomassa de cana
A7: Ano | C7: Autoconsumo | D7: Exportação
C8: (GWméd)
A9: 2015 | C9: 1.5815868 | D9: 2.3024315
A10: 2016 | C10: 1.6332511 | D10: 2.3891233
A11: 2017 | C11: 1.6339746 | D11: 2.436345
A12: 2018 | C12: 1.5979896 | D12: 2.4471017
A13: 2019 | C13: 1.6461214 | D13: 2.5579101
A14: 2020 | C14: 1.8468944 | D14: 2.5795424
A15: 2021 | C15: 1.641051 | D15: 2.2774599
A16: 2022 | C16: 1.5918255 | D16: 2.0897056
A17: 2023 | C17: 1.7877698 | D17: 2.3825329
A18: 2024 | C18: 1.8590497 | D18: 2.4115442
A19: 2025 | C19: 1.7982354 | D19: 2.3183961
C21: Fonte: EPE a partir de CCEE (2024a); EPE (2024a)

Sheet A-44
A1: Voltar p/ Índice
E2: =Índice!AF3 -> Análise de Conjuntura - Ano Base 2025
C5: =Índice!AU58 -> Gráfico 44 - Histórico de energia contratada e cana processada
A7: Ano | C7: Energia Injetada | D7: Cana Processada
C8: (GWméd) | D8: (Mtc)
A9: 2018 | C9: 2.4837836 | D9: 608.52213
A10: 2019 | C10: 2.5579101 | D10: 654.08202
A11: 2020 | C11: 2.5795424 | D11: 662.68558
A12: 2021 | C12: 2.2774599 | D12: 581.4456
A13: 2022 | C13: 2.0897056 | D13: 595.3061
A14: 2023 | C14: 2.3825329 | D14: 712.5
A15: 2024 | C15: 2.4115442 | D15: 686.2655
A16: 2025 | C16: 2.3183961 | D16: 659.97501
C18: Fonte: EPE a partir de (CCEE, 2026a; MAPA, 2026a).

Sheet A-45
A1: Voltar p/ Índice
E2: =Índice!AF3 -> Análise de Conjuntura - Ano Base 2025
C5: =Índice!AU62 -> Gráfico 45 - Geração térmica a biomassa de cana versus PLD
A7: Mês | C7: Térmicas Sucroenergéticas | D7: PLD SE/CO
C8: (GWméd) | D8: (R$ - dez/24)
A9: 44197 | C9: 0.35750147 | D9: 281.88911
A10: 44228 | C10: 0.34431714 | D10: 191.12149
A11: 44256 | C11: 0.66725466 | D11: 124.37688
A12: 44287 | C12: 2.2995514 | D12: 150.84504
A13: 44317 | C13: 3.5951213 | D13: 246.68815
A14: 44348 | C14: 3.6706676 | D14: 378.11232
A15: 44378 | C15: 3.9849567 | D15: 648.90044
A16: 44409 | C16: 3.9344681 | D16: 643.3037
A17: 44440 | C17: 3.7671264 | D17: 628.83665
A18: 44470 | C18: 2.6601288 | D18: 268.23496
A19: 44501 | C19: 1.4824138 | D19: 93.87678
A20: 44531 | C20: 0.44699471 | D20: 70.526754
... A68: 45992 | C68: 0.85492198 | D68: 265.89
C70: Fonte: EPE a partir de (CCEE, 2026b).

Sheet A-46
A1: Voltar p/ Índice
E2: =Índice!AF3 -> Análise de Conjuntura - Ano Base 2025
C5: =Índice!BJ6 -> Gráfico 46 - Participação das demais biomassas x cana-de-açúcar
A7: Mês | C7: Cana | E7: Demais
C8: (GWméd) | D8: (%) | E8: (GWméd) | F8: (%)
A9: 2017 | C9: 2.436345 | D9: 0.83766308 | E9: 0.47215731 | F9: 0.16233692
A10: 2018 | C10: 2.4471017 | D10: 0.81373538 | E10: 0.56014336 | F10: 0.18626462
A11: 2019 | C11: 2.5579101 | D11: 0.82290276 | E11: 0.5504889 | F11: 0.17709724
A12: 2020 | C12: 2.5693028 | D12: 0.82318552 | E12: 0.55446436 | F12: 0.17681448
A13: 2021 | C13: 2.2675418 | D13: 0.78465682 | E13: 0.62504439 | F13: 0.21534318
A14: 2022 | C14: 2.0897056 | D14: 0.72064034 | E14: 0.81008432 | F14: 0.27935966
A15: 2023 | C15: 2.3825329 | D15: 0.7446101 | E15: 0.81717243 | F15: 0.2553899
A16: 2024 | C16: 2.4115442 | D16: 0.75025 | E16: 0.802 | F16: 0.24975
A17: 2025 | C17: 2.3183961 | D17: =C17/(C17+E17) -> 0.71610777 | E17: 0.9191 | F17: =1-D17 -> 0.28389223
C18: Cana injetada | D18: Cana | E18: Demais injetadas | F18: Demais
C20: Fonte: EPE a partir de (CCEE, 2026a).

Sheet A-47
A1: Voltar p/ Índice
G2: =Índice!$AF$3 -> Análise de Conjuntura - Ano Base 2025
E5: =Índice!BJ10 -> Gráfico 47 - Preços médios - biodiesel e diesel sem ICMS
A7: Ano | B7: Leilão | C7: Mês | E7: Preço do diesel na refinaria (sem ICMS) | F7: Preço do biodiesel no leilão | G7: Preço do biodiesel - negociação livre
E8: (R$(dez/2025) milhares/m³)
A9: 2017 | B9: 53 | C9: jan | E9: 4.3058253 | F9: 4.6730181
C10: fev | E10: 4.0923437 | F10: 4.6432538
B11: 54 | C11: mar | E11: 4.1276894 | F11: 4.3351868
C12: abr | E12: 4.4578315 | F12: 4.3161748
B13: 55 | C13: mai | E13: 4.7231399 | F13: 4.6480648
C14: jun | E14: 4.067763 | F14: 4.5331107
B15: 56 | C15: jul | E15: 4.0320152 | F15: 4.1758963
C16: ago | E16: 4.1504344 | F16: 4.1834231
B17: 57 | C17: set | E17: 4.4764766 | F17: 4.7814605
C18: out | E18: 4.4762702 | F18: 4.7387161
B19: 58 | C19: nov | E19: 4.0669046 | F19: 4.4551919
C20: dez | E20: 3.6446513 | F20: 4.4418563 | AL20: Produto | AM20: Período | AO20: Região | AP20: Brasil
A21: 2018 | B21: 59 | C21: jan | E21: 3.8581962 | F21: 4.4130587 | AK21: 44562 | AL21: Biodiesel B-100 (R$/litro) | AM21: 44585 | AN21: 44591 | AO21: 6.57902 | AP21: 6.5178 | AQ21: 6.510305
C22: fev | E22: 3.9882686 | F22: 4.3753498 | AK22: 44593 | AL22: Biodiesel B-100 (R$/litro) | AM22: 44613 | AN22: 44619 | AO22: 6.70652 | AP22: 6.70557 | AQ22: 6.61712
B23: 60 | C23: mar | E23: 4.0885999 | F23: 3.8168921 | AK23: 44621 | AL23: Biodiesel B-100 (R$/litro) | AM23: 44641 | AN23: 44647 | AO23: 7.26854 | AP23: 7.25727 | AQ23: 7.136985
C24: abr | E24: 4.1235432 | F24: 3.7737488 | AK24: 44652 | AL24: Biodiesel B-100 (R$/litro) | AM24: 44676 | AN24: 44682 | AO24: 6.86652 | AP24: 6.97449 | AQ24: 6.91425
B25: 61 | C25: mai | E25: 4.268781 | F25: 3.6893457 | AK25: 44682 | AL25: Biodiesel B-100 (R$/litro) | AM25: 44704 | AN25: 44710 | AO25: 7.18603 | AP25: 7.38499 | AQ25: 7.353505
C26: jun | E26: 3.9491784 | F26: 3.6886079 | AK26: 44713 | AL26: Biodiesel B-100 (R$/litro) | AM26: 44732 | AN26: 44738 | AO26: 7.0071 | AP26: 6.93166 | AQ26: 7.01911
B27: 62 | C27: jul | E27: 3.8861569 | F27: 3.7418764 | AK27: 44743 | AL27: Biodiesel B-100 (R$/litro) | AM27: 44767 | AN27: 44773 | AO27: 6.33142 | AP27: 6.11721 | AQ27: 6.38161
C28: ago | E28: 3.9211885 | F28: 3.7336578 | AK28: 44774 | AL28: Biodiesel B-100 (R$/litro) | AM28: 44795 | AN28: 44801 | AO28: 6.00166 | AP28: 5.88013 | AQ28: 5.90053
B29: 63 | C29: set | E29: 4.1307066 | F29: 4.5837508 | AK29: 44805 | AL29: Biodiesel B-100 (R$/litro) | AM29: 44830 | AN29: 44836 | AO29: 5.66616 | AP29: 5.55044 | AQ29: 5.84915
C30: out | E30: 4.1982593 | F30: 4.574597 | AK30: 44835 | AL30: Biodiesel B-100 (R$/litro) | AM30: 44858 | AN30: 44864 | AO30: 5.37489 | AP30: 5.42857 | AQ30: 5.32939
B31: 64 | C31: nov | E31: 4.1056412 | F31: 4.5559363 | AK31: 44866 | AL31: Biodiesel B-100 (R$/litro) | AM31: 44886 | AN31: 44892 | AO31: 6.22072 | AP31: 6.14058 | AQ31: 5.97936
C32: dez | E32: 4.129468 | F32: 4.4996391 | AK32: 44896 | AL32: Biodiesel B-100 (R$/litro) | AM32: 44921 | AN32: 44927 | AO32: 6.03962 | AP32: 5.73702 | AQ32: 5.86276
A33: 2019 | B33: 65 | C33: jan | E33: 3.9920574 | F33: 4.810031 | AK33: 44927 | AL33: Biodiesel B-100 (R$/litro) | AM33: 44949 | AN33: 44955 | AO33: 5.6714 | AP33: 5.49708 | AQ33: 5.640485
C34: fev | E34: 4.0671128 | F34: 4.7434858 | AK34: 44958 | AL34: Biodiesel B-100 (R$/litro) | AM34: 44977 | AN34: 44983 | AO34: 5.37311 | AP34: 5.1356 | AQ34: 5.21651
B35: 66 | C35: mar | E35: 3.9838133 | F35: 4.6324092 | AK35: 44986 | AL35: Biodiesel B-100 (R$/litro) | AM35: 45012 | AN35: 45018 | AO35: 4.91439 | AP35: 4.73874 | AQ35: 4.94013
C36: abr | E36: 3.6502531 | F36: 4.6352262 | AK36: 45017 | AL36: Biodiesel B-100 (R$/litro) | AM36: 45040 | AN36: 45046 | AO36: 4.35403 | AP36: 4.15725 | AQ36: 4.29589
B37: 67 | C37: mai | E37: 3.2412682 | F37: 4.6340218 | AK37: 45047 | AL37: Biodiesel B-100 (R$/litro) | AM37: 45068 | AN37: 45074 | AO37: 4.0156 | AP37: 4.05529 | AQ37: 4.06943
C38: jun | E38: 2.822402 | F38: 4.6363774 | AK38: 45078 | AL38: Biodiesel B-100 (R$/litro) | AM38: 45103 | AN38: 45109 | AO38: 3.98478 | AP38: 4.03363 | AQ38: 3.95246
B39: 68 | C39: jul | E39: 2.6457386 | F39: 4.303232 | AK39: 45108 | AL39: Biodiesel B-100 (R$/litro) | AM39: 45131 | AN39: 45137 | AO39: 4.21975 | AP39: 4.1397 | AQ39: 4.139875
C40: ago | E40: 2.9595313 | F40: 4.2817963 | AK40: 45139 | AL40: Biodiesel B-100 (R$/litro) | AM40: 45159 | AN40: 45165 | AO40: 4.32294 | AP40: 4.21771 | AQ40: 4.215245
B41: 69 | C41: set | E41: 3.1991012 | F41: 5.4377776 | AK41: 45170 | AL41: Biodiesel B-100 (R$/litro) | AM41: 45194 | AN41: 45200 | AO41: 4.28794 | AP41: 4.26781 | AQ41: 4.26276
C42: out | E42: 3.3000533 | F42: 5.378503 | AK42: 45200 | AL42: Biodiesel B-100 (R$/litro) | AM42: 45222 | AN42: 45228 | AO42: 4.32668 | AP42: 4.21267 | AQ42: 4.21321
B43: 70 | C43: nov | E43: 3.1486171 | F43: 5.3438512 | AK43: 45597 | AL43: Biodiesel B-100 (R$/litro) | AM43: 45250 | AN43: 45256 | AO43: 4.43946 | AP43: 4.50534 | AQ43: 4.376315
C44: dez | E44: 3.2637554 | F44: 5.260046 | AK44: 45261 | AL44: Biodiesel B-100 (R$/litro) | AM44: 45285 | AN44: 45291 | AO44: 4.52097 | AP44: 4.4716 | AQ44: 4.55463
A45: 2020 | B45: 71 | C45: jan | E45: 2.6226207 | F45: 6.6732393 | AK45: 45292 | AL45: Biodiesel B-100 (R$/litro) | AM45: 45313 | AN45: 45319 | AO45: 4.35606 | AP45: 4.1939 | AQ45: 4.349805
C46: fev | E46: 2.6610866 | F46: 6.5346556 | AK46: 45323 | AL46: Biodiesel B-100 (R$/litro) | AM46: 45341 | AN46: 45347 | AO46: 4.18286 | AP46: 4.07427 | AQ46: 4.1134
B47: 72 | C47: mar | E47: 2.5929938 | F47: 6.5553738 | AK47: 45352 | AL47: Biodiesel B-100 (R$/litro) | AM47: 45376 | AN47: 45382 | AO47: 4.43866 | AP47: 4.57616 | AQ47: 4.2501
C48: abr | E48: 2.6252674 | F48: 6.4544345 | AK48: 45383 | AL48: Biodiesel B-100 (R$/litro) | AM48: 45404 | AN48: 45410 | AO48: 4.77751 | AP48: 4.73491 | AQ48: 4.636295
B49: 73 | C49: mai | E49: 3.1522797 | F49: 6.0652139 | AK49: 45413 | AL49: Biodiesel B-100 (R$/litro) | AM49: 45439 | AN49: 45445 | AO49: 4.80618 | AP49: 4.6838 | AQ49: 4.59515
C50: jun | E50: 3.4415845 | F50: 5.9817943 | AK50: 45444 | AL50: Biodiesel B-100 (R$/litro) | AM50: 45467 | AN50: 45473 | AO50: 5.0043 | AP50: 4.99009 | AQ50: 4.840225
B51: 75 | C51: jul | E51: 3.7968286 | F51: 7.2608973 | AK51: 45474 | AL51: Biodiesel B-100 (R$/litro) | AM51: 45495 | AN51: 45501 | AO51: 5.18731 | AP51: 5.16986 | AQ51: 5.0539
C52: ago | E52: 3.735871 | F52: 7.1603226 | AK52: 45505 | AL52: Biodiesel B-100 (R$/litro) | AM52: 45530 | AN52: 45536 | AO52: 5.21011 | AP52: 5.06803 | AQ52: 5.16765
B53: 76 | C53: set | E53: 3.6909092 | F53: 7.0220922 | AK53: 45536 | AL53: Biodiesel B-100 (R$/litro) | AM53: 45558 | AN53: 45564 | AO53: 5.4927 | AP53: 5.32638 | AQ53: 5.25022
C54: out | E54: 3.9351684 | F54: 6.8497775 | AK54: 45566 | AL54: Biodiesel B-100 (R$/litro) | AM54: 45593 | AN54: 45599 | AO54: 6.0591 | AP54: 5.93204 | AQ54: 5.54775
B55: 77 | C55: nov | E55: 4.1704759 | F55: 7.0173436 | AK55: 45597 | AL55: Biodiesel B-100 (R$/litro) | AM55: 45621 | AN55: 45627 | AO55: 6.63465 | AP55: 6.46368 | AQ55: 6.42352
C56: dez | E56: 4.1564198 | F56: 6.9160014 | AK56: 45627 | AL56: Biodiesel B-100 (R$/litro) | AM56: 45649 | AN56: 45655 | AO56: 6.56541 | AP56: 6.3298 | AQ56: 6.33845
A57: 2021 | B57: 78 | C57: jan | E57: 4.362242 | F57: 5.3770815 | AK57: 45658 | AL57: Biodiesel B-100 (R$/litro) | AM57: 45684 | AN57: 45690 | AO57: 6.2559 | AP57: 6.08491 | AQ57: 6.08491
C58: fev | E58: 4.3924356 | F58: 5.3312329 | AK58: 45689 | AL58: Biodiesel B-100 (R$/litro) | AM58: 45712 | AN58: 45718 | AO58: 6.16735 | AP58: 5.96926 | AQ58: 5.94188
B59: 79 | C59: mar | E59: 4.8028775 | F59: 5.6199663 | AK59: 45717 | AL59: Biodiesel B-100 (R$/litro) | AM59: 45740 | AN59: 45746 | AO59: 5.63053 | AP59: 5.62319 | AQ59: 5.75126
C60: abr | E60: 4.8330923 | F60: 5.6025983 | AK60: 45748 | AL60: Biodiesel B-100 (R$/litro) | AM60: 45768 | AN60: 45774 | AO60: 5.6683 | AP60: 5.63445 | AQ60: 5.55923
B61: 80 | C61: mai | E61: 5.0808348 | F61: 6.5333485
C62: jun | E62: 5.5199258 | F62: 6.4989043
B63: 81 | C63: jul | E63: 5.8002443 | F63: 6.3770455
C64: ago | E64: 5.4330099 | F64: 6.3220438
B65: 82 | C65: set | E65: 5.2044354 | F65: 6.4473745
C66: out | E66: 5.0615577 | F66: 6.3677773
C67: nov | E67: 5.0037557 | F67: 6.585526
C68: dez | E68: 4.2437974 | F68: 6.5378 | G68: 6.5378
A69: 2022 | C69: jan | E69: 4.2437974 | G69: 7.1833255
C70: fev | E70: 4.3502916 | G70: 7.2826
C71: mar | E71: 4.5700734 | G71: 7.6967632
C72: abr | E72: 4.8271312 | G72: 7.3580015
C73: mai | E73: 4.9770441 | G73: 7.6514282
C74: jun | E74: 5.2309258 | G74: 7.4033255
C75: jul | E75: 5.9489685 | G75: 6.757577
C76: ago | E76: 5.7240943 | G76: 6.268625
C77: set | E77: 5.5346978 | G77: 6.1816377
C78: out | E78: 5.2231106 | G78: 5.6841272
C79: nov | E79: 5.2105665 | G79: 6.2586007
C80: dez | E80: 4.9598568 | G80: 6.2343931
A81: 2023 | C81: jan | E81: 4.6943961 | G81: 5.8749652
C82: fev | E82: 4.4924885 | G82: 5.4024262
C83: mar | E83: 4.1612846 | G83: 5.087362
C84: abr | E84: 3.9301232 | G84: 4.4765156
C85: mai | E85: 3.5263296 | G85: 4.1355341
C86: jun | E86: 3.1266798 | G86: 3.9902136
C87: jul | E87: 3.1342477 | G87: 4.1767785
C88: ago | E88: 3.318208 | G88: 4.2715331
C89: set | E89: 3.9926678 | G89: 4.3086803
C90: out | E90: 4.0713149 | G90: 4.2616514
C91: nov | E91: 4.2422694 | G91: 4.4000254
C92: dez | E92: 3.9296925 | G92: 4.5415425
A93: 2024 | C93: jan | E93: 3.87433 | G93: 4.28451
C94: fev | E94: 3.8977025 | G94: 4.10077
C95: mar | E95: 3.866235 | G95: 4.36027
C96: abr | E96: 3.922242 | G96: 4.655978
C97: mai | E97: 3.88554 | G97: 4.5934925
C98: jun | E98: 3.86284 | G98: 4.8389
C99: jul | E99: 3.885636 | G99: 5.092162
C100: ago | E100: 3.8826375 | G100: 5.1468525
C101: set | E101: 3.873808 | G101: 5.273722
C102: out | E102: 3.863155 | G102: 5.6792025
C103: nov | E103: 3.8753125 | G103: 6.3941975
...

Sheet A-48
A1: Voltar p/ Índice
E2: =Índice!$AF$3 -> Análise de Conjuntura - Ano Base 2025
C5: =Índice!BJ14 -> Gráfico 48 - Capacidade autorizada e consumo de Biodiesel em 2026
A7: Ano | C7: c/ SBS | D7: sem SBS | E7: Capacidade Nominal | F7: Consumo
C8: (Bilhões de litros)
A9: 2015 | C9: 6932 | D9: 399.7996 | E9: 7331.7996 | F9: 3945.6829
A10: 2016 | C10: 6932 | D10: 603.0916 | E10: 7535.0916 | F10: 3794.3657
A11: 2017 | C11: 6866 | D11: 769.5316 | E11: 7635.5316 | F11: 4291.294
A12: 2018 | C12: 7769.3688 | D12: 769.8384 | E12: 8539.2072 | F12: 5382.7136
A13: 2019 | C13: 8497 | D13: 834 | E13: 9331 | F13: 5905.659
A14: 2020 | C14: 10275.707 | D14: 161.28 | E14: 10436.987 | F14: 6430.1205
A15: 2021 | C15: 11999.52 | D15: 251.28 | E15: 12250.8 | F15: 6800.784
A16: 2022 | C16: 12849.46 | D16: 812.125 | E16: 13661.585 | F16: 6190.7842
A17: 2023 | C17: 12970 | D17: 1590 | E17: 14560 | F17: 7527.794
A18: 2024 | C18: 14420 | D18: 871 | E18: 15291 | F18: 9102.697
A19: 2025 | C19: 14671 | D19: 871 | E19: 15542 | F19: 9941
C21: Fonte: EPE a partir de (ANP, 2026f; EPE, 2025a).
AF66: 15291310

Sheet A-49
A1: Voltar p/ Índice
E2: =Índice!AF3 -> Análise de Conjuntura - Ano Base 2025
C5: =Índice!BJ18 -> Gráfico 49 - Participação da produção regional de biodiesel em 2026
A7: Regiões | C7: Produção regional
C8: (Litros) | D8: (%)
A9: Região Centro-Oeste | C9: 3837731.9 | D9: =C9/$C$14 -> 0.38606001
A10: Região Nordeste | C10: 809727.21 | D10: =C10/$C$14 -> 0.08145522
A11: Região Norte | C11: 491785.2 | D11: =C11/$C$14 -> 0.049471564
A12: Região Sudeste | C12: 602828.82 | D12: =C12/$C$14 -> 0.060642095
A13: Região Sul | C13: 4198692 | D13: =C13/$C$14 -> 0.42237111
A14: Total | C14: =SUM(C9:C13) -> 9940765.1 | D14: =SUM(D9:D13) -> 1
C16: Fonte: EPE a partir de (ANP, 2026g).

Sheet A-50
A1: Voltar p/ Índice
E2: =Índice!AF3 -> Análise de Conjuntura - Ano Base 2025
C5: =Índice!BJ22 -> Gráfico 50 - Oferta de diesel A e produção de biodiesel
A7: Ano | C7: Produção de diesel | D7: Importação Líquida de diesel | E7: Produção de biodiesel | F7: Produção de diesel | G7: Importação Líquida de diesel | H7: Produção de biodiesel
C8: (Bilhões de litros) | F8: (%)
A9: 2015 | C9: 49.154334 | D9: 6.1722221 | E9: 3.9372685 | F9: =C9/SUM($C9:$E9) -> 0.82941549 | G9: =D9/SUM($C9:$E9) -> 0.10414822 | H9: =E9/SUM($C9:$E9) -> 0.066436288
A10: 2016 | C10: 44.805366 | D10: 7.6370112 | E10: 3.801339 | F10: =C10/SUM($C10:$E10) -> 0.79662883 | G10: =D10/SUM($C10:$E10) -> 0.13578426 | H10: =E10/SUM($C10:$E10) -> 0.06758691
A11: 2017 | C11: 39.992593 | D11: 12.268465 | E11: 4.291294 | F11: =C11/SUM($C11:$E11) -> 0.70717825 | G11: =D11/SUM($C11:$E11) -> 0.21693996 | H11: =E11/SUM($C11:$E11) -> 0.075881795
A12: 2018 | C12: 41.278014 | D12: 10.221057 | E12: 5.350036 | F12: =C12/SUM($C12:$E12) -> 0.72609785 | G12: =D12/SUM($C12:$E12) -> 0.17979274 | H12: =E12/SUM($C12:$E12) -> 0.094109411
A13: 2019 | C13: 40.679159 | D13: 12.407589 | E13: 5.923868 | F13: =C13/SUM($C13:$E13) -> 0.68935323 | G13: =D13/SUM($C13:$E13) -> 0.21026029 | H13: =E13/SUM($C13:$E13) -> 0.10038648
A14: 2020 | C14: 41.548914 | D14: 11.044173 | E14: 6.432008 | F14: =C14/SUM($C14:$E14) -> 0.70391948 | G14: =D14/SUM($C14:$E14) -> 0.18710978 | H14: =E14/SUM($C14:$E14) -> 0.10897074
A15: 2021 | C15: 42.85298 | D15: 13.846399 | E15: 6.76585 | F15: =C15/SUM($C15:$E15) -> 0.67521981 | G15: =D15/SUM($C15:$E15) -> 0.21817299 | H15: =E15/SUM($C15:$E15) -> 0.10660719
A16: 2022 | C16: 45.529431 | D16: 13.739177 | E16: 6.2589525 | F16: =C16/SUM($C16:$E16) -> 0.69481346 | G16: =D16/SUM($C16:$E16) -> 0.2096702 | H16: =E16/SUM($C16:$E16) -> 0.095516336
A17: 2023 | C17: 46.895422 | D17: 14.187198 | E17: 7.527659 | F17: =C17/SUM($C17:$E17) -> 0.68350432 | G17: =D17/SUM($C17:$E17) -> 0.20677948 | H17: =E17/SUM($C17:$E17) -> 0.1097162
A18: 2024 | C18: =(29987270+15050130)/1000000 -> 45.0374 | D18: 14.51174 | E18: 9.099707 | F18: =C18/SUM($C18:$E18) -> 0.65605472 | G18: =D18/SUM($C18:$E18) -> 0.21139088 | H18: =E18/SUM($C18:$E18) -> 0.1325544
A19: 2025 | C19: =43751/1000 -> 43.751 | D19: 13.8 | E19: 9.9 | F19: =C19/SUM($C19:$E19) -> 0.64863382 | G19: =D19/SUM($C19:$E19) -> 0.20459296 | H19: =E19/SUM($C19:$E19) -> 0.14677321
C21: Fonte: EPE, a partir de (EPE, 2026a).

Sheet A-51
A1: Voltar p/ Índice
E2: =Índice!AF3 -> Análise de Conjuntura - Ano Base 2025
C5: =Índice!BJ26 -> Gráfico 51 - Participação de matérias-primas para a produção de biodiesel em 2026
A7: Matérias-primas | C7: Participação
C8: (%)
A9: Óleo de Soja | C9: =E9/E14 -> 0.73315863 | E9: 7288157.8
A10: Materiais graxos | C10: =E10/E14 -> 0.13909102 | E10: 1382671.2
A11: Outras | C11: =E11/E14 -> 0.056095941 | E11: 557636.57
A12: Gordura Bovina | C12: =E12/E14 -> 0.067413451 | E12: 670141.28
A13: Palma/Dendê | C13: =E13/E14 -> 0.0042409503 | E13: 42158.291
C14: =SUM(C9:C13) -> 1 | E14: =SUM(E9:E13) -> 9940765.1
C16: Fonte: EPE a partir de (ANP, 2026f)

Sheet A-52 
A1: Voltar p/ Índice
E2: =Índice!AF3 -> Análise de Conjuntura - Ano Base 2025
C5: =Índice!BJ30 -> Gráfico 52 - Mercado do óleo de soja
A7: Ano | C7: Produção | D7: Exportação | E7: Uso interno Total | F7: Uso p/ biodiesel | G7: Outros usos internos
C8: (Milhões de toneladas)
A9: 2012 | C9: 7.013 | D9: 1.764 | E9: 5.328 | F9: 1.881 | G9: =E9-F9 -> 3.447
A10: 2013 | C10: 7.075 | D10: 1.383 | E10: 5.723 | F10: 1.968 | G10: =E10-F10 -> 3.755
A11: 2014 | C11: 7.443 | D11: 1.295 | E11: 6.109 | F11: 2.355 | G11: =E11-F11 -> 3.754
A12: 2015 | C12: 8.074 | D12: 1.665 | E12: 6.521 | F12: 2.764 | G12: =E12-F12 -> 3.757
A13: 2016 | C13: 7.885 | D13: 1.257 | E13: 6.58 | F13: 2.649 | G13: =E13-F13 -> 3.931
A14: 2017 | C14: 8.433 | D14: 1.34 | E14: 7.094 | F14: 2.8 | G14: =E14-F14 -> 4.294
A15: 2018 | C15: 8.833 | D15: 1.416 | E15: 7.457 | F15: 3.406 | G15: =E15-F15 -> 4.051
A16: 2019 | C16: 8.791 | D16: 1.041 | E16: 7.909 | F16: 3.68 | G16: =E16-F16 -> 4.229
A17: 2020 | C17: 9.6 | D17: 1.1 | E17: 8.5 | F17: 4.2 | G17: =E17-F17 -> 4.3
A18: 2021 | C18: 9.6 | D18: 1.651 | E18: 7.9 | F18: 4.54 | G18: =E18-F18 -> 3.36
A19: 2022 | C19: 9.9 | D19: 2.6 | E19: 7.3 | F19: 3.9 | G19: =E19-F19 -> 3.4
A20: 2023 | C20: 10.8 | D20: 2.3 | E20: =C20-D20 -> 8.5 | F20: 4.8 | G20: =E20-F20 -> 3.7
A21: 2024 | C21: 11.3 | D21: 1.367 | E21: 9.9 | F21: 6.1 | G21: =E21-F21 -> 3.8
A22: 2025 | C22: 11.9 | D22: 1.4 | E22: =C22-D22 -> 10.5 | F22: 6.7 | G22: 3.8
C24: Fonte: EPE a partir de (ABIOVE, 2026)

Sheet A-53
A1: Voltar p/ Índice
E2: =Índice!AF3 -> Análise de Conjuntura - Ano Base 2025
C5: =Índice!BJ34 -> Gráfico 53 - Exportação de glicerina e glicerol
A7: Ano | C7: Exportação | F7: Receita
C8: Glicerina | E8: Glicerol | F8: Glicerina - receita | G8: Glicerol - receita
C9: (1.000 ton) | D9: % | F9: (US$ milhões)
A10: 2012 | C10: 168.71159 | E10: 2.21721 | F10: 46.181448 | G10: 1.855969
A11: 2013 | C11: 177.94215 | D11: =(C11-C10)/C10 -> 0.054712111 | E11: 2.707119 | F11: 63.450126 | G11: 2.476218
A12: 2014 | C12: 210.73269 | D12: =(C12-C11)/C11 -> 0.18427636 | E12: 30.000135 | F12: 57.949286 | G12: 16.337806
A13: 2015 | C13: 245.92171 | D13: =(C13-C12)/C12 -> 0.16698418 | E13: 58.074941 | F13: 50.761435 | G13: 26.488518
A14: 2016 | C14: 215.06172 | D14: =(C14-C13)/C13 -> -0.12548706 | E14: 55.177642 | F14: 33.202763 | G14: 26.19028
A15: 2017 | C15: 244.28799 | D15: =(C15-C14)/C14 -> 0.13589716 | E15: 60.368326 | F15: 66.342545 | G15: 36.634654
A16: 2018 | C16: 291.75407 | D16: =(C16-C15)/C15 -> 0.19430374 | E16: 81.902537 | F16: 97.792587 | G16: 59.893066
A17: 2019 | C17: 283.46033 | D17: =(C17-C16)/C16 -> -0.028427165 | E17: 123.14072 | F17: 46.292762 | G17: 54.751463
A18: 2020 | C18: 328.42146 | D18: =(C18-C17)/C17 -> 0.15861526 | E18: 143.93267 | F18: 61.558224 | G18: 59.439371
A19: 2021 | C19: 345.973 | D19: =(C19-C18)/C18 -> 0.053442132 | E19: 140.788 | F19: 164.291 | G19: 120.332
A20: 2022 | C20: 353.90124 | D20: =(C20-C19)/C19 -> 0.022915774 | E20: 132.05392 | F20: 206.35244 | G20: 163.23799
A21: 2023 | C21: 448.2 | D21: =(C21-C20)/C20 -> 0.26645502 | E21: 118.4 | F21: 97.1 | G21: 61.6
A22: 2024 | C22: 587.8 | D22: =(C22-C21)/C21 -> 0.31146809 | E22: 118.9 | F22: 148.6 | G22: 51.7
A23: 2025 | C23: 675.3 | D23: =(C23-C22)/C22 -> 0.14886016 | E23: 144.4 | F23: 336.8 | G23: 123.5
C25: Fonte: EPE a partir de (MDIC, 2026).

Sheet A-54
A1: Voltar p/ Índice
E2: =Índice!AF3 -> Análise de Conjuntura - Ano Base 2025
C5: =Índice!BJ38 -> Gráfico 54 - Importação de metanol para biodiesel
A7: Ano | C7: Importação | D7: Dispêndio
C8: (1.000 ton) | D8: (US$ milhões)
A9: 2011 | C9: 239.0971 | D9: 87.969726
A10: 2012 | C10: 241.74476 | D10: 93.960764
A11: 2013 | C11: 263.33064 | D11: 116.67819
A12: 2014 | C12: 300.54922 | D12: 137.75228
A13: 2015 | C13: 341.38145 | D13: 117.11595
A14: 2016 | C14: 327.66 | D14: 63.866897
A15: 2017 | C15: 379.04 | D15: 116.14198
A16: 2018 | C16: 493.17 | D16: 192.09785
A17: 2019 | C17: 515.17077 | D17: 164.39999
A18: 2020 | C18: 562.243 | D18: 131.2
A19: 2021 | C19: 601.57 | D19: 211.283
A20: 2022 | C20: 562.76 | D20: 298.8
... A23: 2025 | C23: 1102 | D23: 496
C25: Fonte: EPE a partir de (ANP, 2026g; ME, 2026).

Sheet A-55
A1: Voltar p/ Índice
E2: =Índice!AF3 -> Análise de Conjuntura - Ano Base 2025
C5: =Índice!AU62 -> Gráfico 45 - Geração térmica a biomassa de cana versus PLD
A7: Ano | C7: Exportação | D7: Importação
C8: (Bilhões de litros)
A9: 2014 | C9: 1.397915 | D9: 0.45200341
A10: 2015 | C10: 1.8671743 | D10: 0.51288081
A11: 2016 | C11: 1.7890339 | D11: 0.83462554
A12: 2017 | C12: 1.3801528 | D12: 2.5002793
A13: 2018 | C13: 1.6845046 | D13: 1.7753326
A14: 2019 | C14: 1.9408774 | D14: 1.4576018
A15: 2020 | C15: 2.6689718 | D15: 1.008723
A16: 2021 | C16: 1.9481801 | D16: 0.4322609
A17: 2022 | C17: 2.4398847 | D17: 0.31585618
A18: 2023 | C18: 2.5103681 | D18: 0.059613574
A19: 2024 | C19: 1.9412674 | D19: 0.19457916
A20: 2025 | C20: 1.6846548 | D20: 0.32342703
C22: Fonte: EPE a partir de (MDIC, 2026)

Sheet A-56
A1: Voltar p/ Índice
E2: =Índice!AF3 -> Análise de Conjuntura - Ano Base 2025
C5: =Índice!BJ46 -> Gráfico 56 - Emissões Evitadas dos biocombustíveis e da bioeletricidade em 2025
A7: Insumos | C7: Etanol hidratado | D7: Etanol anidro | E7: Biodiesel | F7: Bioeletricidade
C8: (MtCO2eq)
A9: Cana | C9: 26.52 | D9: 15.45
A10: Milho | C10: 8.9 | D10: 5.89
A11: Oleaginosas e insumos graxos | E11: 19.7
A12: Resíduos | F12: 1.66
A13: Total | C13: 35.43 | D13: 21.34 | E13: 19.7 | F13: 1.66
C15: Fonte: EPE a partir de (EPE, 2009; IPCC, 2006; MCTI, 2026; ROSA, 2003).

Sheet A-57
A1: Voltar p/ Índice
E2: =Índice!AF3 -> Análise de Conjuntura - Ano Base 2025
C5: =Índice!BJ50 -> Gráfico 57 - Emissões Evitadas com Bioenergia nos últimos 5 anos
A7: Anos | C7: Etanol hidratado | D7: Etanol anidro | E7: Biodiesel | F7: Bioeletricidade
C8: (MtCO2)
A9: 2021 | C9: 29.01 | D9: 17.89 | E9: 13.48 | F9: 4.3
A10: 2022 | C10: 28.41 | D10: 19.73 | E10: 12.78 | F10: 1.37
A11: 2023 | C11: 33.16 | D11: 22.3 | E11: 15.02 | F11: 1.41
A12: 2024 | C12: 37.64 | D12: 20.85 | E12: 19.4 | F12: 2.04
A13: 2025 | C13: 35.43 | D13: 21.34 | E13: 19.7 | F13: 1.66
C15: Fonte: EPE a partir de (EPE, 2009; IPCC, 2006; MCTI, 2026; ROSA, 2003)

Sheet A-58
A1: Voltar p/ Índice
G2: =Índice!AF3 -> Análise de Conjuntura - Ano Base 2025
C5: =Índice!BJ54 -> Gráfico 58 - Certificações de produção de biocombustíveis válidas
A7: Mês | C7: Certificados Aprovados Válidos - 2026
A8: Solicitados em 2023 | C8: 24
A9: Solicitados em 2024 | C9: 89
A10: Solicitados em 2025 | C10: 107
A11: Solicitados em 2026 | C11: 100
A12: Total | C12: 320
C14: Fonte: EPE a partir de (ANP, 2026j)

Sheet A-59
A1: Voltar p/ Índice
E2: =Índice!AF3 -> Análise de Conjuntura - Ano Base 2025
C5: =Índice!BJ58 -> Gráfico 59 - Certificações por rota de produção e percentual do volume elegível por rota
A7: Rota Tecnológica | C7: Certificações | D7: Volume Elegível
C8: (quant.) | D8: (%)
A9: Etanol 1G de cana | C9: 252 | D9: 0.86377643
A10: Etanol 1G de milho (Full) | C10: 8 | D10: 0.69646667
A11: Etanol 1G de cana e milho (Flex) | C11: 6 | D11: 0.66123636
A12: Etanol 1G2G (usina integrada) | C12: 1 | D12: 0.9344
A13: Biodiesel | C13: 44 | D13: 0.43408864
A14: Biometano | C14: 8 | D14: 1
A15: Total | C15: =SUM(C9:C14) -> 319
C17: Fonte: EPE a partir de (ANP, 2026h)

Sheet A-60
A1: Voltar p/ Índice
E2: =Índice!AF3 -> Análise de Conjuntura - Ano Base 2025
C5: =Índice!_Ref205502474 -> Gráfico 60 - Nota de Eficiência Energético-Ambiental das unidades certificadas
A7: Biocombustível | C7: Mín de Nota de Eficiência Energético-Ambiental | D7: Média de Nota de Eficiência Energético-Ambiental | E7: Máx de Nota de Eficiência Energético-Ambiental
C8: (gCO2eq/MJ)
A9: Biodiesel | C9: 30.51 | D9: 62.061136 | E9: 81.43 | F9: =E9-C9 -> 50.92
A10: Biometano | C10: 75.66 | D10: 78.90625 | E10: 81.42 | F10: =E10-C10 -> 5.76
A11: Etanol anidro | C11: 23.91 | D11: 60.199282 | E11: 71.29 | F11: =E11-C11 -> 47.38
A12: Etanol hidratado | C12: 32.77 | D12: 59.61072 | E12: 70.93 | F12: =E12-C12 -> 38.16
C13: Min | D13: Média | E13: Máx | F13: Range
C15: Fonte: EPE a partir de (ANP, 2026h)

Sheet A-61
A1: Voltar p/ Índice
E2: =Índice!AF3 -> Análise de Conjuntura - Ano Base 2025
C5: =Índice!BJ26 -> Gráfico 51 - Participação de matérias-primas para a produção de biodiesel em 2026
A7: Biocombustível | C7: IC fóssil substituto | D7: NEEA | E7: IC Biocombustível
C8: (gCO2eq/MJ)
A9: Biodiesel | C9: 86.5 | D9: 62.061136 | E9: =C9-D9 -> 24.438864
A10: Biometano | C10: 86.8 | D10: 78.90625 | E10: =C10-D10 -> 7.89375
A11: Etanol anidro | C11: 87.4 | D11: 60.199282 | E11: =C11-D11 -> 27.200718
A12: Etanol hidratado | C12: 87.4 | D12: 59.61072 | E12: =C12-D12 -> 27.78928
C14: Fonte: EPE a partir de (ANP, 2026h)

Sheet A-62
A1: Voltar p/ Índice
E2: =Índice!AF3 -> Análise de Conjuntura - Ano Base 2025
C5: =Índice!BY10 -> Gráfico 62 - Volume produzido, volume elegível e não elegível por rota em 2025
A7: Biocombustível | C7: Biodiesel | D7: Biometano | E7: Etanol Anidro | F7: Etanol Hidratado
A8: Volume total produzido | C8: 9.8382202 | D8: 105.31016 | E8: 13.190493 | F8: 22.655805
A9: Volume elegível | C9: 4.0264967 | D9: 96.807823 | E9: 10.023369 | F9: 16.284452
A10: Volume não elegível | C10: 5.8117235 | D10: 8.5023338 | E10: 3.1671243 | F10: 6.3713532
A11: % Volume elegível | C11: 0.40927084 | D11: 0.91926388 | E11: 0.75989342 | F11: 0.71877613
C13: Fonte: EPE a partir de (ANP, 2026c, 2026h)

Sheet A-63
A1: Voltar p/ Índice
E2: =Índice!AF3 -> Análise de Conjuntura - Ano Base 2025
C5: =Índice!BY14 -> Gráfico 63 - Metas compulsórias de redução de emissões de GEE e IC projetada
A7: Ano | C7: Meta Anterior | D7: Limite Superior | E7: Meta Atual | F7: Limite Inferior | G7: IC projetada
C8: (Milhões de CBIOs) | G8: gCO2/MJ
A9: 2025 | C9: 40.39 | E9: 40.39
A10: 2026 | C10: 48.09 | E10: 48.09 | G10: 69.97
A11: 2027 | C11: 52.37 | D11: 60.23 | E11: 52.37 | F11: 44.51 | G11: 68.74
A12: 2028 | C12: 56.41 | D12: 64.87 | E12: 56.41 | F12: 47.95 | G12: 67.67
A13: 2029 | C13: 61.24 | D13: 70.43 | E13: 61.24 | F13: 52.05 | G13: 66.68
A14: 2030 | C14: 64.08 | D14: 73.7 | E14: 64.08 | F14: 54.47 | G14: 66.02
A15: 2031 | C15: 67.13 | D15: 77.2 | E15: 67.13 | F15: 57.06 | G15: 65.56
A16: 2032 | C16: 68.81 | D16: 79.14 | E16: 68.81 | F16: 58.49 | G16: 65.44
A17: 2033 | C17: 71.29 | D17: 81.98 | E17: 71.29 | F17: 60.59 | G17: 65.22
A18: 2034 | C18: 72.54 | D18: 83.42 | E18: 72.54 | F18: 61.66 | G18: 65
A19: 2035 | D19: 84.47 | E19: 73.45 | F19: 62.43 | G19: 64.7
C21: Fonte: EPE a partir de (CNPE, 2024, 2025)

Sheet A-64
A1: Voltar p/ Índice
E2: =Índice!$AF$3 -> Análise de Conjuntura - Ano Base 2025
C5: =Índice!BY18 -> Gráfico 64 – Balanço acumulado de oferta e demanda de CBIO em 2025
A7: Data | C7: Oferta acumulada (estoque inicial + emissão) | D7: Aposentadoria acumulada | E7: Meta CNPE 2025 | F7: Excesso (estoque líquido em mercado)
C8: (Quant. de CBIO)
A9: 45658 | C9: 20202848 | D9: 297120 | E9: 40389998 | F9: 19905728
A10: 45689 | C10: 23642327 | D10: 460906 | E10: 40389998 | F10: 23181421
A11: 45717 | C11: 27273734 | D11: 5595997 | E11: 40389998 | F11: 21677737
A12: 45748 | C12: 30812251 | D12: 5987446 | E12: 40389998 | F12: 24824805
A13: 45778 | C13: 34280515 | D13: 6142420 | E13: 40389998 | F13: 28138095
A14: 45809 | C14: 37760971 | D14: 11197558 | E14: 40389998 | F14: 26563413
A15: 45839 | C15: 41257698 | D15: 11874526 | E15: 40389998 | F15: 29383172
A16: 45870 | C16: 44743836 | D16: 12290975 | E16: 40389998 | F16: 32452861
A17: 45901 | C17: 48167745 | D17: 18163406 | E17: 40389998 | F17: 30004339
A18: 45931 | C18: 52164366 | D18: 21170984 | E18: 40389998 | F18: 30993382
A19: 45962 | C19: 55721365 | D19: 24994636 | E19: 40389998 | F19: 30726729
A20: 45992 | C20: 59552780 | D20: 40057271 | E20: 40389998 | F20: 19495509
C22: Fonte: EPE a partir de ANP (ANP, 2026k; B3, 2026a).
C23: Nota: Oferta acumulada = estoque em circulação (Emissor + Parte Obrigada + Parte Não Obrigada) + aposentadoria acumulada, calculados a partir da aba A-54. Estoque inicial (dez/2024) de 16,41 milhões e emissão de 43,15 milhões de CBIO em 2025.

Sheet A-65
A1: Voltar p/ Índice
E2: =Índice!AF3 -> Análise de Conjuntura - Ano Base 2025
C5: =Índice!BY22 -> Gráfico 65 - Estoque X Aposentadoria de CBIO 2025
A7: Data | C7: Emissor | D7: Parte Obrigada | E7: Parte Não Obrigada | F7: Aposentadoria | G7: Meta 2025
C8: (Quant. de CBIO)
A9: jan/25 | C9: 14438735 | D9: 5387386 | E9: 79607 | F9: 297120 | G9: 40389998
A10: fev/25 | C10: 13915789 | D10: 9185103 | E10: 80529 | F10: 460906 | G10: 40389998
A11: mar/25 | C11: 14531449 | D11: 6993896 | E11: 152392 | F11: 5595997 | G11: 40389998
A12: abr/25 | C12: 15734336 | D12: 8965880 | E12: 124589 | F12: 5987446 | G12: 40389998
A13: mai/25 | C13: 16292224 | D13: 11651117 | E13: 194754 | F13: 6142420 | G13: 40389998
A14: jun/25 | C14: 16068330 | D14: 10296117 | E14: 198966 | F14: 11197558 | G14: 40389998
A15: jul/25 | C15: 15515820 | D15: 13630569 | E15: 236783 | F15: 11874526 | G15: 40389998
A16: ago/25 | C16: 16207247 | D16: 15935888 | E16: 309726 | F16: 12290975 | G16: 40389998
A17: set/25 | C17: 15370887 | D17: 14189175 | E17: 444277 | F17: 18163406 | G17: 40389998
A18: out/25 | C18: 15893225 | D18: 14491526 | E18: 608631 | F18: 21170984 | G18: 40389998
A19: nov/25 | C19: 15675245 | D19: 14310517 | E19: 740967 | F19: 24994636 | G19: 40389998
A20: dez/25 | C20: 13920823 | D20: 5466411 | E20: 108275 | F20: 40057271 | G20: 40389998
C22: Fonte: EPE a partir de (B3, 2026a).

Sheet A-66
A1: Voltar p/ Índice
E2: =Índice!AF3 -> Análise de Conjuntura - Ano Base 2025
C5: =Índice!BY26 -> Gráfico 66 – Fluxos do CBIO no exercício de 2025 (milhões de unidades)
A7: Origem | C7: Destino | D7: Fluxo
D8: (Milhões de CBIO)
A9: Estoque inicial (dez/2024) | C9: Disponível em 2025 | D9: 16.4
A10: Etanol de cana 1G | C10: Disponível em 2025 | D10: 26.6
A11: Etanol de milho/flex | C11: Disponível em 2025 | D11: 8.8
A12: Etanol 2G integrado | C12: Disponível em 2025 | D12: 0.4
A13: Biodiesel | C13: Disponível em 2025 | D13: 5.4
A14: Biometano | C14: Disponível em 2025 | D14: 2
A15: Disponível em 2025 | C15: Aposentadoria 2025 | D15: 40.1
A16: Disponível em 2025 | C16: Saldo carregado para 2026 | D16: 19.5
C18: Fonte: EPE a partir de (ANP, 2026k; B3, 2026a). 1 CBIO ≡ 1 tCO₂eq evitada.
C19: Nota: repartição da emissão por rota estimada pelas participações na emissão de 2025. Total disponível = estoque inicial (16,41 Mi) + emissão de 2025 (43,15 Mi). 1 CBIO = 1 tCO2eq evitada.

Sheet A-67
A1: Voltar p/ Índice
E2: =Índice!AF3 -> Análise de Conjuntura - Ano Base 2025
C5: =Índice!BY30 -> Gráfico 67 - Quantidades negociadas e preços médios de CBIO
A7: Data | C7: Número de negócios | D7: Preço médio do CBIO
C8: (Milhões de CBIO) | D8: (R$/CBIO)
A9: 44562 | C9: 0
A10: 44563 | C10: 0
A11: 44564 | C11: 0
A12: 44565 | C12: 0
A13: 44566 | C13: 77990 | D13: 45.458674
A14: 44567 | C14: 65654 | D14: 52.577659
A15: 44568 | C15: 31619 | D15: 53.333024
A16: 44569 | C16: 0
A17: 44570 | C17: 0
A18: 44571 | C18: 30884 | D18: 53.382376
A19: 44572 | C19: 130245 | D19: 54.868774
A20: 44573 | C20: 53900 | D20: 55.641512
A21: 44574 | C21: 69156 | D21: 55.659821
A22: 44575 | C22: 69518 | D22: 55.694353
A23: 44576 | C23: 0
A24: 44577 | C24: 0
A25: 44578 | C25: 98084 | D25: 56.298642
A26: 44579 | C26: 77930 | D26: 57.097838
A27: 44580 | C27: 342109 | D27: 60.26978
A28: 44581 | C28: 410301 | D28: 62.116797
A29: 44582 | C29: 745036 | D29: 66.001159
A30: 44583 | C30: 0
A31: 44584 | C31: 0
A32: 44585 | C32: 299038 | D32: 69.006079
A33: 44586 | C33: 85969 | D33: 69.948772
A34: 44587 | C34: 227024 | D34: 69.950283
A35: 44588 | C35: 148302 | D35: 69.74444
A36: 44589 | C36: 579705 | D36: 70.450177
A37: 44590 | C37: 0
A38: 44591 | C38: 0
A39: 44592 | C39: 108606 | D39: 70.493188
A40: 44593 | C40: 144153 | D40: 71.391865
A41: 44594 | C41: 244409 | D41: 72.939602
A42: 44595 | C42: 424162 | D42: 74.292236
A43: 44596 | C43: 473481 | D43: 77.373198
A44: 44597 | C44: 0
A45: 44598 | C45: 0
A46: 44599 | C46: 331301 | D46: 78.798851
A47: 44600 | C47: 366776 | D47: 80.236655
A48: 44601 | C48: 73000 | D48: 80.365046
A49: 44602 | C49: 186184 | D49: 82.587812
A50: 44603 | C50: 433819 | D50: 85.120991
A51: 44604 | C51: 0
A52: 44605 | C52: 0
A53: 44606 | C53: 407870 | D53: 89.352536
A54: 44607 | C54: 204286 | D54: 89.800488
A55: 44608 | C55: 128888 | D55: 91.966812
A56: 44609 | C56: 153609 | D56: 92.880402
A57: 44610 | C57: 851565 | D57: 95.30282
A58: 44611 | C58: 0
A59: 44612 | C59: 0
A60: 44613 | C60: 104268 | D60: 93.805607
A61: 44614 | C61: 160040 | D61: 94.10895
A62: 44615 | C62: 121730 | D62: 95.644094
A63: 44616 | C63: 446196 | D63: 97.154981
A64: 44617 | C64: 659645 | D64: 98.892592
A65: 44618 | C65: 0
A66: 44619 | C66: 0
A67: 44620 | C67: 0
A68: 44621 | C68: 0
A69: 44622 | C69: 337551 | D69: 100.33838
A70: 44623 | C70: 183931 | D70: 101.34475
A71: 44624 | C71: 198573 | D71: 100.2774
A72: 44625 | C72: 0
A73: 44626 | C73: 0
A74: 44627 | C74: 181760 | D74: 100.15939
A75: 44628 | C75: 48869 | D75: 98.667489
A76: 44629 | C76: 143476 | D76: 98.092638
A77: 44630 | C77: 216128 | D77: 98.772381
A78: 44631 | C78: 116683 | D78: 98.087536
A79: 44632 | C79: 0
A80: 44633 | C80: 0
A81: 44634 | C81: 243903 | D81: 98.073838
A82: 44635 | C82: 325934 | D82: 98.022347
A83: 44636 | C83: 440829 | D83: 98.26146
A84: 44637 | C84: 276902 | D84: 98.585243
A85: 44638 | C85: 479106 | D85: 98.895099
A86: 44639 | C86: 0
A87: 44640 | C87: 0
A88: 44641 | C88: 445141 | D88: 99.852204
A89: 44642 | C89: 598556 | D89: 99.031631
A90: 44643 | C90: 89304 | D90: 98.528341
A91: 44644 | C91: 183472 | D91: 98.278123
A92: 44645 | C92: 198258 | D92: 97.897232
A93: 44646 | C93: 0
A94: 44647 | C94: 0
A95: 44648 | C95: 178268 | D95: 96.382742
A96: 44649 | C96: 191768 | D96: 95.355751
A97: 44650 | C97: 270014 | D97: 92.625719
A98: 44651 | C98: 560182 | D98: 92.555455
A99: 44652 | C99: 192594 | D99: 94.260505
A100: 44653 | C100: 0
A101: 44654 | C101: 0
A102: 44655 | C102: 28309 | D102: 93.532596
A103: 44656 | C103: 112653 | D103: 93.281401
...

Sheet A-68
E2: =Índice!AF3 -> Análise de Conjuntura - Ano Base 2025
C5: Gráfico 57 – Preço mensal do CBIO e marcos regulatórios (jan/2022 – mai/2026)
A7: Data | C7: Preço médio mensal | D7: Média móvel (3 meses) | F7: Data do marco | G7: Marco regulatório
C8: (R$/CBIO)
A9: 44562 | C9: 64.314783 | D9: 64.314783 | F9: 45078 | G9: Definição das metas globais
A10: 44593 | C10: 87.417161 | D10: 75.865972 | F10: 45627 | G10: Res. CNPE nº 14/2024 (meta 2025)
A11: 44621 | C11: 97.903043 | D11: 83.211662 | F11: 45839 | G11: Lista suja ANP (33 distribuidoras)
A12: 44652 | C12: 98.854106 | D12: 94.72477 | F12: 45839 | G12: Oferta acumulada excede a meta CNPE
A13: 44682 | C13: 108.9272 | D13: 101.89478 | F13: 45992 | G13: Mínimo de R$ 25,00 (15/12) + Res. CNPE nº 21/2025
A14: 44713 | C14: 161.57278 | D14: 123.11803
A15: 44743 | C15: 169.57734 | D15: 146.69244
A16: 44774 | C16: 90.270003 | D16: 140.47337
A17: 44805 | C17: 83.684107 | D17: 114.51048
A18: 44835 | C18: 91.034833 | D18: 88.329648
A19: 44866 | C19: 100.81476 | D19: 91.844566
A20: 44896 | C20: 86.543252 | D20: 92.797614
A21: 44927 | C21: 88.067542 | D21: 91.808517
A22: 44958 | C22: 98.692537 | D22: 91.10111
A23: 44986 | C23: 97.616025 | D23: 94.792035
A24: 45017 | C24: 95.256726 | D24: 97.18843
A25: 45047 | C25: 110.52496 | D25: 101.13257
... A61: 46143 | C61: 27.7335 | D61: 28.70241
C64: Fonte: EPE a partir de (B3, 2026)
C65: Nota: preço médio mensal ponderado pelo volume negociado nos pregões do mês, calculado a partir da aba A-55 (B3). Média móvel simples de 3 meses.

Sheet A-69
A1: Voltar p/ Índice
E2: =Índice!AF3 -> Análise de Conjuntura - Ano Base 2025
C5: =Índice!BY38 -> Gráfico 69 – Posicionamento do RenovaBio entre as principais políticas de precificação de carbono (2025)
C7: Sistema | D7: Tipo de instrumento | E7: Preço (USD/tCO₂eq) | F7: Volume (Mt CO₂eq)
C8: EU ETS | D8: Cap & Trade | E8: 75 | F8: 1100
C9: California LCFS | D9: Intensidade de carbono | E9: 60 | F9: 16
C10: UK ETS | D10: Cap & Trade | E10: 50 | F10: 130
C11: Nova Zelândia ETS | D11: Cap & Trade | E11: 35 | F11: 33
C12: California Cap-and-Trade | D12: Cap & Trade | E12: 32 | F12: 280
C13: RGGI | D13: Cap & Trade | E13: 18 | F13: 110
C14: RenovaBio (CBIO 2024) | D14: RenovaBio | E14: 16.5 | F14: 35
C15: China ETS | D15: Cap & Trade | E15: 12 | F15: 2200
C16: RenovaBio (CBIO 2025) | D16: RenovaBio | E16: 10.5 | F16: 38
C17: Referência tracejada: IPCC — USD 50/tCO₂
C19: Fonte:

Sheet A-70
A1: Voltar p/ Índice
E3: =Índice!$AF$3 -> Análise de Conjuntura - Ano Base 2025
C6: Gráfico 70 - Conexões de GD a biogás por ano
A8: Ano | C8: Biogás de Floresta | D8: Biogás de Resíduos Agroindustriais (RA) | E8: Biogás de Resíduos Urbanos (RU) | F8: Biogás Resíduos Agropecuários (AGR) | G8: Total de conexões | H8: Lastro de CBIOS (Biometano)
C9: (Conexões por ano) | H9: (tCO2eq)
A10: 2012 | C10: 0 | D10: 0 | E10: 0 | F10: 0 | G10: =SUM(C10:F10) -> 0 | H10: 0
A11: 2013 | C11: 0 | D11: 0 | E11: 0 | F11: 0 | G11: =SUM(C11:F11) -> 0 | H11: 0
A12: 2014 | C12: 0 | D12: 2 | E12: 0 | F12: 0 | G12: =SUM(C12:F12) -> 2 | H12: 0
A13: 2015 | C13: 0 | D13: 2 | E13: 0 | F13: 1 | G13: =SUM(C13:F13) -> 3 | H13: 0
A14: 2016 | C14: 0 | D14: 7 | E14: 6 | F14: 9 | G14: =SUM(C14:F14) -> 22 | H14: 0
A15: 2017 | C15: 1 | D15: 34 | E15: 0 | F15: 3 | G15: =SUM(C15:F15) -> 38 | H15: 0
A16: 2018 | C16: 2 | D16: 49 | E16: 6 | F16: 4 | G16: =SUM(C16:F16) -> 61 | H16: 0
A17: 2019 | C17: 4 | D17: 45 | E17: 21 | F17: 0 | G17: =SUM(C17:F17) -> 70 | H17: 0
A18: 2020 | C18: 3 | D18: 65 | E18: 22 | F18: 6 | G18: =SUM(C18:F18) -> 96 | H18: 48729
A19: 2021 | C19: 1 | D19: 54 | E19: 18 | F19: 5 | G19: =SUM(C19:F19) -> 78 | H19: 96616
A20: 2022 | C20: 2 | D20: 58 | E20: 8 | F20: 5 | G20: =SUM(C20:F20) -> 73 | H20: 140889
A21: 2023 | C21: 5 | D21: 41 | E21: 8 | F21: 2 | G21: =SUM(C21:F21) -> 56 | H21: 202299
... A23: 2025 | C23: 2 | D23: 6 | E23: 4 | F23: 2 | G23: =SUM(C23:F23) -> 14 | H23: 204856
C25: Fonte: Elaboração própria a partir de (ANEEL, 2026a; ANP 2026g).

Sheet A-71
A1: Voltar p/ Índice
E3: =Índice!$AF$3 -> Análise de Conjuntura - Ano Base 2025
C6: =Índice!BY46 -> Gráfico 71 - Plantas de biogás e biometano (esquerda) e volume de biogás por uso energético (direita).
A8: Ano | C8: Plantas de Biogás | D8: Plantas de biometano | E8: Biometano | F8: Energia Elétrica | G8: Energia térmica | H8: Produção Biogás Nm³/dia | I8: Fração Biometano | J8: Fração Energia Elétrica | K8: Fração Energia térmica
C9: (Unidades registradas ANP) | E9: (Nm³/dia) | I9: (%)
A10: 2021 | C10: 852 | D10: 2 | E10: 242207.4 | F10: 534526.68 | G10: 58463.856 | H10: 835197.94 | I10: 0.29 | J10: 0.64 | K10: 0.07
A11: 2022 | C11: 1002 | D11: 4 | E11: 304483.55 | F11: 649564.91 | G11: 60896.71 | H11: 1014945.2 | I11: 0.3 | J11: 0.64 | K11: 0.06
A12: 2023 | C12: 1382 | D12: 5 | E12: 342088.24 | F12: 706246.68 | G12: 55175.522 | H12: 1103510.4 | I12: 0.31 | J12: 0.64 | K12: 0.05
A13: 2024 | C13: 1644 | D13: 8 | E13: 372263.84 | F13: 744527.68 | G13: 46532.98 | H13: 1163324.5 | I13: 0.32 | J13: 0.64 | K13: 0.04
A14: 2025 | C14: 1784 | D14: 19 | E14: 547225.8 | F14: 997882.33 | G14: 64379.505 | H14: 1609487.6 | I14: 0.34 | J14: 0.62 | K14: 0.04
C16: Fonte: Adaptado e complementado a partir de (ANP 2026f; CIBiogás 2026).

Sheet A-72
A1: Voltar p/ Índice
E3: =Índice!$AF$3 -> Análise de Conjuntura - Ano Base 2025
C6: Gráfico 72 - Distribuição da capacidade projetada de biometano por substrato
A8: Substrato | C8: Volume por Substrato
C9: (%)
A10: Resíduos Agrossilvopastoris e Comerciais | C10: 0.30750261
A11: Resíduos Sólidos Urbanos (RSU) e Aterros Sanitários | C11: 0.60541354
A12: Setor Sucroenergético | C12: 0.087083854
C14: Fonte: ANP (2026f)

Sheet A-73
A1: Voltar p/ Índice
E3: =Índice!$AF$3 -> Análise de Conjuntura - Ano Base 2025
C6: Gráfico 73 - Balanço de demanda e oferta de biometano na projeção do PDE
A8: Ano | C8: Capacidade autorizada | D8: Capacidade em autorização | E8: Capacidade nominal Projetiva | F8: Demanda energética com UTE Média | G8: Demanda não energética | H8: Fator de Capacidade mínimo Requerido
C9: (m³/d) | H9: (%)
A10: 2026 | C10: 1196427 | D10: 798326.5 | E10: 0 | F10: 478933.47 | G10: 11703.536 | H10: 0.2453835
A11: 2027 | C11: 1196427 | D11: 1215167.3 | E11: 0 | F11: 927023.96 | G11: 27512.646 | H11: 0.394109
A12: 2028 | C12: 1196427 | D12: 1892206.3 | E12: 0 | F12: 1781580 | G12: 63510.903 | H12: 0.59463365
A13: 2029 | C13: 1196427 | D13: 1892206.3 | E13: 1258083.2 | F13: 2583106.5 | G13: 109533.62 | H13: 0.61946532
A14: 2030 | C14: 1196427 | D14: 1892206.3 | E14: 2584884.9 | F14: 3354370.5 | G14: 182419.32 | H14: 0.62338565
A15: 2031 | C15: 1196427 | D15: 1892206.3 | E15: 3966247.4 | F15: 4151090.6 | G15: 281262.84 | H15: 0.62826767
A16: 2032 | C16: 1196427 | D16: 1892206.3 | E16: 5272023.9 | F16: 4787684.8 | G16: 391529.2 | H16: 0.61947451
A17: 2033 | C17: 1196427 | D17: 1892206.3 | E17: 6398398.3 | F17: 5589159.9 | G17: 515678.78 | H17: 0.64349303
A18: 2034 | C18: 1196427 | D18: 1892206.3 | E18: 7295826 | F18: 6470329.5 | G18: 666099.76 | H18: 0.68722203
A19: 2035 | C19: 1196427 | D19: 1892206.3 | E19: 7966656.1 | F19: 7351185.1 | G19: 841385.49 | H19: 0.74105437
A20: 2036 | C20: 1196427 | D20: 1892206.3 | E20: 8444572.5 | F20: 8484386.6 | G20: 1006264.8 | H20: 0.82289795
C22: Fonte: Adaptado e complementado a partir de (ANP, 2026f).

Sheet A-74 & A-75
A1: Voltar p/ Índice
E3: Análise de Conjuntura - Ano Base 2025
I4: Fonte: EPE, 2026 e PNUD, Ipea e FJP (2013), com dados do IDHM 2010 IDHM
C6: Gráfico 74 – Distribuição do potencial de biometano a partir da biomassa residual
C7: Gráfico 75 – Maiores potenciais de biometano a partir de biomassa residual e menores IDHM
A9: Cód Município | C9: Municipio | D9: UF | E9: Região | F9: Potencial biometano | G9: IDHM | H9: Indicador de prioridade
F10: (ktep)
A11: 5100300 | C11: Alto Araguaia | D11: MT | E11: Centro-oeste | F11: 2139.0047 | G11: 0.7 | H11: 1.3636364
A12: 4314605 | C12: Piratini | D12: RS | E12: Sul | F12: 1706.1377 | G12: 0.66 | H12: 1.2521767
A13: 1504505 | C13: Melgaço | D13: PA | E13: Norte | F13: 9.9572605 | G13: 0.42 | H13: 1.0046533
A14: 5107800 | C14: Santo Antônio do Leverger | D14: MT | E14: Centro-oeste | F14: 1161.0709 | G14: 0.66 | H14: 0.9973536
A15: 2104081 | C15: Fernando Falcão | D15: MA | E15: Nordeste | F15: 24.94121 | G15: 0.44 | H15: 0.96620391
A16: 4302709 | C16: Butiá | D16: RS | E16: Sul | F16: 1194.1558 | G16: 0.69 | H16: 0.94463924
A17: 1502509 | C17: Chaves | D17: PA | E17: Norte | F17: 23.546668 | G17: 0.45 | H17: 0.94282468
A18: 2910503 | C18: Entre Rios | D18: BA | E18: Nordeste | F18: 834.57346 | G18: 0.62 | H18: 0.93562254
A19: 2106359 | C19: Marajá do Sena | D19: MA | E19: Nordeste | F19: 6.7170207 | G19: 0.45 | H19: 0.93495669
A20: 1400704 | C20: Uiramutã | D20: RR | E20: Norte | F20: 4.763656 | G20: 0.45 | H20: 0.93404347
A21: 1300201 | C21: Atalaia do Norte | D21: AM | E21: Norte | F21: 0.76248764 | G21: 0.45 | H21: 0.9321729
A22: 1501204 | C22: Baião | D22: PA | E22: Norte | F22: 612.85759 | G22: 0.58 | H22: 0.92287769
... A5504: 3548807 | C5504: São Caetano do Sul | D5504: SP | E5504: Sudeste | F5504: 9.4967813 | G5504: 0.86 | H5504: 0.0044380659

Sheet A-76 & A-77
A1: Voltar p/ Índice
E3: Análise de Conjuntura - Ano Base 2025
C6: Gráfico 76 - Potencial economicamente viável oriundo de resíduos agrícolas.
C7: Gráfico 77 - Potencial economicamente viável oriundo de resíduos pecuários. | J7: Fonte: EPE, 2025b
A9: Rotas | C9: Município sede | D9: UF da sede | E9: Combustível Gerado m³
A11: Biodigestão - Combustível - Resíduos agrícolas | C11: Brasília | D11: DF | E11: 1.2123053e+09
A12: Biodigestão - Combustível - Resíduos agrícolas | C12: Campo Grande | D12: MS | E12: 8.6675707e+08
A13: Biodigestão - Combustível - Resíduos agrícolas | C13: Curitiba | D13: PR | E13: 8.650154e+08
A14: Biodigestão - Combustível - Resíduos agrícolas | C14: São Luís | D14: MA | E14: 7.0376362e+08
A15: Biodigestão - Combustível - Resíduos agrícolas | C15: Goiânia | D15: GO | E15: 5.1010761e+08
A16: Biodigestão - Combustível - Resíduos agrícolas | C16: Porto Velho | D16: RO | E16: 5.025114e+08
A17: Biodigestão - Combustível - Resíduos agrícolas | C17: Betim | D17: MG | E17: 4.3399255e+08
A18: Biodigestão - Combustível - Resíduos agrícolas | C18: Porto Alegre | D18: RS | E18: 4.3153936e+08
A19: Biodigestão - Combustível - Resíduos agrícolas | C19: Rondonópolis | D19: MT | E19: 4.0269601e+08
A20: Biodigestão - Combustível - Resíduos agrícolas | C20: São José dos Pinhais | D20: PR | E20: 3.7736617e+08
A21: Biodigestão - Combustível - Resíduos agrícolas | C21: Uberlândia | D21: MG | E21: 3.6473195e+08
A22: Biodigestão - Combustível - Resíduos agrícolas | C22: Ribeirão Preto | D22: SP | E22: 3.5270897e+08
... A379: Biodigestão - Combustível - Resíduos pecuários | C379: Breves | D379: PA | E379: 1119349.5

Sheet A-78
A1: Voltar p/ Índice
E3: Análise de Conjuntura - Ano Base 2025
C6: Gráfico 78 – Famílias beneficiárias do Programa Gás do Povo (junho/2026) à esquerda e índice de desenvolvimento humano municipal (2010) à direita.
A8: Cód Município | C8: Município | D8: UF | E8: Região | F8: Famílias Beneficiadas pelo Gás do Povo | G8: IDHM | I8: Fonte: VIS DATA 3 (MDS, 2026) e PNUD, Ipea e FJP (2013), com dados do IDHM 2010.
A10: 3550308 | C10: São Paulo | D10: SP | E10: Sudeste | F10: 499158 | G10: 0.81
A11: 5100300 | C11: Alto Araguaia | D11: MT | E11: Centro-oeste | F11: 622 | G11: 0.7
A12: 4314605 | C12: Piratini | D12: RS | E12: Sul | F12: 1065 | G12: 0.66
A13: 1504505 | C13: Melgaço | D13: PA | E13: Norte | F13: 4982 | G13: 0.42
A14: 5107800 | C14: Santo Antônio do Leverger | D14: MT | E14: Centro-oeste | F14: 1463 | G14: 0.66
A15: 3304557 | C15: Rio de Janeiro | D15: RJ | E15: Sudeste | F15: 305822 | G15: 0.8
A16: 2104081 | C16: Fernando Falcão | D16: MA | E16: Nordeste | F16: 2261 | G16: 0.44
A17: 1502509 | C17: Chaves | D17: PA | E17: Norte | F17: 4297 | G17: 0.45
A18: 4302709 | C18: Butiá | D18: RS | E18: Sul | F18: 1370 | G18: 0.69
A19: 2910503 | C19: Entre Rios | D19: BA | E19: Nordeste | F19: 5816 | G19: 0.62
A20: 1400704 | C20: Uiramutã | D20: RR | E20: Norte | F20: 2277 | G20: 0.45
A21: 1501204 | C21: Baião | D21: PA | E21: Norte | F21: 7543 | G21: 0.58
... A5503: 3548807 | C5503: São Caetano do Sul | D5503: SP | E5503: Sudeste | F5503: 1713 | G5503: 0.86

Sheet A-79
B1: Voltar p/ Índice
F3: Análise de Conjuntura - Ano Base 2025
D6: Gráfico 79 - Comparação entre a oferta de biometano por município e as vendas de combustíveis líquidos, também por município, exatamente no percurso conhecido como “Caminho da Safra”
A8: Município | B8: UF | D8: Biometano | E8: Combustível vendido | F8: Balanço O&D | J8: Fonte: (SIEnergia, 2026)
D9: (ktep)
A10: São Paulo | B10: SP | D10: 107.98801 | E10: 3221.5569 | F10: -3113.5689
A11: Brasília | B11: DF | D11: 143.57357 | E11: 1147.9109 | F11: -1004.3373
A12: Curitiba | B12: PR | D12: 14.634051 | E12: 803.38623 | F12: -788.75218
A13: Campo Grande | B13: AL | D13: 125.30531 | E13: 765.97146 | F13: -640.66615
A14: São Luís | B14: MA | D14: 11.334408 | E14: 568.74768 | F14: -557.41327
A15: Salvador | B15: BA | D15: 22.593645 | E15: 479.45542 | F15: -456.86178
A16: Porto Alegre | B16: RS | D16: 13.991792 | E16: 429.83005 | F16: -415.83825
A17: Campinas | B17: SP | D17: 16.25962 | E17: 427.21076 | F17: -410.95114
A18: São José dos Pinhais | B18: PR | D18: 8.3195648 | E18: 326.09432 | F18: -317.77476
A19: Canoas | B19: RS | D19: 3.202752 | E19: 306.10659 | F19: -302.90384
A20: Cuiabá | B20: MT | D20: 13.689088 | E20: 309.56907 | F20: -295.87998
A21: São Bernardo do Campo | B21: SP | D21: 7.15825 | E21: 290.41958 | F21: -283.26133
... A387: Imbituva | B387: PR | D387: 25.433609 | E387: 25.436835 | F387: -0.0032252319
A388: Madre de Deus | B388: BA | D388: 0.0053619456 | F388: 0.0053619456
A389: Ilha Comprida | B389: SP | D389: 0.006925072 | F389: 0.006925072
A390: Cairu | B390: BA | D390: 0.0075401128 | F390: 0.0075401128
A391: Candiota | B391: RS | D391: 7.7281888 | E391: 7.7189885 | F391: 0.0092003529
A392: Raposos | B392: MG | D392: 0.011283307 | F392: 0.011283307
A393: Alagoinha do Piauí | B393: PI | D393: 0.91665987 | E393: 0.88841704 | F393: 0.028242829
A394: Barcelos | B394: AM | D394: 0.032460648 | F394: 0.032460648
A395: Orlândia | B395: SP | D395: 22.456094 | E395: 22.421402 | F395: 0.034692222
A396: Galinhos | B396: RN | D396: 0.049416194 | F396: 0.049416194
A397: Santa Cruz de Minas | B397: MG | D397: 0.052079766 | F397: 0.052079766
A398: Vila Flor | B398: RN | D398: 0.056809534 | F398: 0.056809534
A399: Bocaina do Sul | B399: SC | D399: 2.8552122 | E399: 2.7977656 | F399: 0.057446609
A400: Bayeux | B400: PB | D400: 0.058275704 | F400: 0.058275704
A401: Fernando de Noronha | B401: PE | D401: 0.077913 | F401: 0.077913
A402: Águas de São Pedro | B402: SP | D402: 0.079652993 | F402: 0.079652993
A403: Caiçara do Norte | B403: RN | D403: 0.081446969 | F403: 0.081446969
A404: Santa Isabel do Rio Negro | B404: AM | D404: 0.10316711 | F404: 0.10316711
A405: Confins | B405: MG | D405: 0.10554657 | F405: 0.10554657
A406: Divisa Alegre | B406: MG | D406: 0.10791632 | F406: 0.10791632
A407: Salinas da Margarida | B407: BA | D407: 0.10807952 | F407: 0.10807952
A408: Miguel Leão | B408: PI | D408: 0.1105978 | F408: 0.1105978
A409: Porto do Mangue | B409: RN | D409: 0.11355154 | F409: 0.11355154
A410: Santo Antônio dos Milagres | B410: PI | D410: 0.11432387 | F410: 0.11432387
A411: Tibau | B411: RN | D411: 0.11591871 | F411: 0.11591871
A412: Trombudo Central | B412: SC | D412: 4.1277939 | E412: 4.0068272 | F412: 0.12096676
A413: Rodelas | B413: BA | D413: 0.12201211 | F413: 0.12201211
A414: Areia de Baraúnas | B414: PB | D414: 0.12289857 | F414: 0.12289857
A415: Itacuruba | B415: PE | D415: 0.12424722 | F415: 0.12424722
A416: Coqueiro Seco | B416: AL | D416: 0.1246691 | F416: 0.1246691
A417: São Domingos do Cariri | B417: PB | D417: 0.12500457 | F417: 0.12500457
A418: Coxixola | B418: PB | D418: 0.12520173 | F418: 0.12520173
A419: Monte das Gameleiras | B419: RN | D419: 0.12982218 | F419: 0.12982218
A420: Rio Acima | B420: MG | D420: 0.12989013 | F420: 0.12989013
A421: Carrapateira | B421: PB | D421: 0.13341538 | F421: 0.13341538
A422: São Lourenço da Serra | B422: SP | D422: 0.13582202 | F422: 0.13582202
A423: Água Nova | B423: RN | D423: 0.13786771 | F423: 0.13786771
A424: Beruri | B424: AM | D424: 0.14717008 | F424: 0.14717008
A425: Verdejante | B425: PE | D425: 0.45896105 | E425: 0.31126256 | F425: 0.14769849
A426: Vista Serrana | B426: PB | D426: 0.14854582 | F426: 0.14854582
A427: Araricá | B427: RS | D427: 0.15324627 | F427: 0.15324627
A428: Algodão de Jandaíra | B428: PB | D428: 0.15856629 | F428: 0.15856629
A429: Torre de Pedra | B429: SP | D429: 0.81434732 | E429: 0.6546428 | F429: 0.15970452
A430: Juquitiba | B430: SP | D430: 0.16148805 | F430: 0.16148805
A431: Assunção | B431: PB | D431: 0.16288803 | F431: 0.16288803
A432: Tenório | B432: PB | D432: 0.16290827 | F432: 0.16290827
A433: Caiçara do Rio do Vento | B433: RN | D433: 0.16481343 | F433: 0.16481343
A434: General Maynard | B434: SE | D434: 0.16986562 | F434: 0.16986562
A435: Joca Claudino | B435: PB | D435: 0.17200412 | F435: 0.17200412
A436: Zabelê | B436: PB | D436: 0.17385807 | F436: 0.17385807
A437: Prata do Piauí | B437: PI | D437: 0.17573733 | F437: 0.17573733
A438: Marizópolis | B438: PB | D438: 0.17781984 | F438: 0.17781984
A439: Balneário Barra do Sul | B439: SC | D439: 0.1809651 | F439: 0.1809651
A440: Coxim | B440: MS | D440: 46.174724 | E440: 45.988811 | F440: 0.18591303
A441: Vale Real | B441: RS | D441: 0.18706656 | F441: 0.18706656
A442: João Dias | B442: RN | D442: 0.18707054 | F442: 0.18707054
A443: Maraã | B443: AM | D443: 0.18733153 | F443: 0.18733153
A444: Monte Belo do Sul | B444: RS | D444: 0.19071095 | F444: 0.19071095
A445: Joselândia | B445: MA | D445: 1.7601103 | E445: 1.5688949 | F445: 0.19121546
A446: Rio da Conceição | B446: TO | D446: 0.19201837 | F446: 0.19201837
A447: Mendes | B447: RJ | D447: 0.19632743 | F447: 0.19632743
A448: Raposa | B448: MA | D448: 0.20093217 | F448: 0.20093217
A449: Catas Altas | B449: MG | D449: 0.20202096 | F449: 0.20202096
A450: Mato Grosso | B450: PB | D450: 0.20325489 | F450: 0.20325489
A451: Parari | B451: PB | D451: 0.20536369 | F451: 0.20536369
A452: Presidente Kubitschek | B452: MG | D452: 0.20584493 | F452: 0.20584493
A453: Anamã | B453: AM | D453: 0.20902536 | F453: 0.20902536
A454: Senador Georgino Avelino | B454: RN | D454: 0.20971323 | F454: 0.20971323
A455: Mário Campos | B455: MG | D455: 0.21082421 | F455: 0.21082421
A456: Cachoeira da Prata | B456: MG | D456: 0.21504286 | F456: 0.21504286
A457: São Bento do Norte | B457: RN | D457: 0.21695877 | F457: 0.21695877
A458: Riacho da Cruz | B458: RN | D458: 0.21872415 | F458: 0.21872415
A459: São João da Varjota | B459: PI | D459: 0.30568321 | E459: 0.08565648 | F459: 0.22002673
A460: Bernardino Batista | B460: PB | D460: 0.22061285 | F460: 0.22061285
A461: Monte Horebe | B461: PB | D461: 0.22206283 | F461: 0.22206283
A462: Frei Martinho | B462: PB | D462: 0.22337044 | F462: 0.22337044
A463: Riachão do Bacamarte | B463: PB | D463: 0.22361748 | F463: 0.22361748
A464: Grossos | B464: RN | D464: 0.2247813 | F464: 0.2247813
A465: Rio Grande da Serra | B465: SP | D465: 0.22668666 | F465: 0.22668666
A466: Lagoinha do Piauí | B466: PI | D466: 0.22773191 | F466: 0.22773191
A467: Mãe d'Água | B467: PB | D467: 0.23005101 | F467: 0.23005101
A468: Primeira Cruz | B468: MA | D468: 0.2317603 | F468: 0.2317603
A469: Nova Palmeira | B469: PB | D469: 0.23208738 | F469: 0.23208738
...

Sheet A-80
A1: Voltar p/ Índice
E3: Análise de Conjuntura - Ano Base 2025
C6: Gráfico 80 – Conexões de geração distribuída (GD) a biogás. | H6: Fonte: ANEEL – Painel de fontes de geração distribuída, 2026.
A8: Cód Município | C8: Nome do município | D8: Descrição fonte de geração | E8: Latitude | F8: Longitude
A10: 2311603 | C10: Redenção | D10: Biogás-AGR | E10: -4.24 | F10: -38.77
A11: 2301000 | C11: Aquiraz | D11: Biogás-AGR | E11: -4.03 | F11: -38.45
A12: 2310209 | C12: Paracuru | D12: Biogás-AGR | E12: -3.56 | F12: -39.1
A13: 2310209 | C13: Paracuru | D13: Biogás-AGR | E13: -3.56 | F13: -39.1
A14: 3201209 | C14: Cachoeiro de Itapemirim | D14: Biogás - RA | E14: -20.67 | F14: -41.24
A15: 3201209 | C15: Cachoeiro de Itapemirim | D15: Biogás - RA | E15: -20.7 | F15: -41.2
A16: 3201308 | C16: Cariacica | D16: Biogás - RA | E16: -20.25 | F16: -40.39
A17: 3201308 | C17: Cariacica | D17: Biogás - RA | E17: -20.25 | F17: -40.39
A18: 3201308 | C18: Cariacica | D18: Biogás - RA | E18: -20.25 | F18: -40.39
A19: 3203809 | C19: Muqui | D19: Biogás - RA | E19: -20.87 | F19: -41.27
A20: 3203809 | C20: Muqui | D20: Biogás - RA | E20: -20.93 | F20: -41.36
A21: 3205101 | C21: Viana | D21: Biogás - Floresta | E21: -20.64 | F21: -40.51
... A60: 2109601 | C60: Rosário | D60: Biogás - RA | E60: -2.93 | F60: -44.28
A61: 3153400 | C61: Presidente Olegário | D61: Biogás - RA
A62: 3170206 | C62: Uberlândia | D62: Biogás-AGR
A63: 3135506 | C63: Jequeri | D63: Biogás-AGR
A64: 3138609 | C64: Lima Duarte | D64: Biogás-AGR
A65: 3152600 | C65: Pouso Alto | D65: Biogás - RU
A66: 3170750 | C66: Varjão de Minas | D66: Biogás - RU
A67: 3148103 | C67: Patrocínio | D67: Biogás - RA
A68: 3170206 | C68: Uberlândia | D68: Biogás-AGR
A69: 3170503 | C69: Urucânia | D69: Biogás - RA
A70: 3145802 | C70: Onça de Pitangui | D70: Biogás - RA
A71: 3137403 | C71: Lagoa Dourada | D71: Biogás - RU
A72: 3166808 | C72: Serra do Salitre | D72: Biogás-AGR
... A566: 1713809 | C566: Palmeiras do Tocantins | D566: Biogás-AGR

Sheet ESRI_MAPINFO_SHEET
